 Dungeon Crawl Stone Soup version 0.31-a0-691-g409c26aa35 (webtiles) character file.

Game seed: 17770204437289875339

573123 qw the Conqueror (level 27, -27/199 HPs)
             Began as a Gargoyle Hunter on Sept 6, 2023.
             Was an Elder of Okawaru.
             Annihilated by Vuunk the pandemonium lord (32 damage)
             ... on level 6 of the Dungeon.
             The game lasted 00:41:28 (49921 turns).

qw the Conqueror (Gargoyle Hunter)                 Turns: 49921, Time: 00:41:28

Health: -27/199    AC: 46    Str: 21    XL:     27
Magic:  28/28      EV: 55    Int:  4    God:    Okawaru [****..]
Gold:   3521       SH:  0    Dex: 37    Spells: 26/26 levels left

rFire   + + +        m - +3 hand cannon "Gisokhed" {speed, rF+ SInv}
rCold   + + +        (no shield)
rNeg    + . .        D - +1 troll leather armour "Viuv" {*Corrode rC++ Regen+ Dex+5}
rPois   inf          o - +2 helmet
rElec   +            t - +2 cloak of the Several Heavens {Str+2 Slay+2}
rCorr   +            q - +2 pair of gloves {Dex+3}
SInv    +            a - +2 pair of boots
Will    +....        b - amulet "Vofoucsa" {Faith rF+++ Will- rCorr Int-4}
Stlth   +            f - +6 ring of dexterity
HPRegen 1.33/turn    y - +5 ring of evasion
MPRegen 0.21/turn

%: corrode self (3%), faith
@: confused, heroic, flying, hasted and slowed
A: sickness immunity, AC +20, big wings, negative energy resistance 1,
electricity resistance, torment resistance 1, petrification resistance,
iridescent scales 1, cold resistance 1, deterioration 1, dopey 1, low MP 1,
screaming 1, inability to read after injury 1
0: Orb of Zot
}: 3/15 runes: decaying, serpentine, silver
a: Renounce Religion, Heroism, Finesse


You were on level 6 of the Dungeon.
You worshipped Okawaru.
Okawaru was greatly pleased with you.
You visited 9 branches of the dungeon, and saw 45 of its levels.
You visited the Abyss 1 time.
You also visited: Ossuary and Gauntlet.

You collected 7857 gold pieces.
You spent 4336 gold pieces at shops.


Innate Abilities, Weirdness & Mutations

You are immune to sickness and miasma.
Your stone body is resilient. (AC +20)
You are immune to poison.
Your large and strong wings let you fly.
You resist negative energy. (rN+)
You are resistant to electric shocks. (rElec)
You are resistant to unholy torment.
You are immune to petrification.
You are partially covered in iridescent scales. (AC +2)
Your flesh is cold resistant. (rC+)
Your body sometimes deteriorates upon taking damage.
You are dopey. (Int -2)
Your magical capacity is low. (-10% MP)
You occasionally shout uncontrollably at your foes.
You occasionally lose the ability to read scrolls when taking damage.


   Skills:
 O Level 27 Fighting
 - Level 22.0(27) Ranged Weapons
 + Level 20.6(25.6) Armour
 - Level 22.0(27) Dodging
 - Level 1.1(6.1) Stealth
 - Level 11.7 Invocations


You had 26 spell levels left.
You didn't know any spells.
Your spell library was empty.

Inventory:

Hand Weapons
 m - the +3 hand cannon "Gisokhed" (weapon) {speed, rF+ SInv}
   (You acquired it on level 4 of the Dungeon)

   rF+:       It protects you from fire.
   SInv:      It lets you see invisible.
Armour
 a - a +2 pair of boots (worn)
 h - a scarf of resistance
 l - a +1 helmet of see invisible
 n - the +1 ring mail of Fashionability {Will- Regen+ Str+2 Dex+3}
   (You found it on level 2 of the Dungeon)

   Str+2:     It affects your strength (+2).
   Dex+3:     It affects your dexterity (+3).
   Will-:     It decreases your willpower.
   Regen+:    It increases your rate of health regeneration.
 o - a +2 helmet (worn)
 q - a +2 pair of gloves of dexterity (worn)
 t - the +2 cloak of the Several Heavens (worn) {Str+2 Slay+2}
   (You bought it in a shop on level 2 of the Snake Pit)

   Str+2:     It affects your strength (+2).
   Slay+2:    It affects your accuracy & damage with ranged weapons and melee
   (+2).
 C - a +4 ring mail of fire resistance
 D - the +1 troll leather armour "Viuv" (worn) {*Corrode rC++ Regen+ Dex+5}
   (You took it off a vault sentinel on level 5 of the Vaults)

   Dex+5:     It affects your dexterity (+5).
   rC++:      It greatly protects you from cold.
   Regen+:    It increases your rate of health regeneration.
   *Corrode:  It may corrode you when you take damage.
Jewellery
 b - the amulet "Vofoucsa" (around neck) {Faith rF+++ Will- rCorr Int-4}
   (You bought it in a shop on level 2 of the Orcish Mines)

   [amulet of faith]

   Faith:     It allows you to gain divine favour quickly.
   Int-4:     It affects your intelligence (-4).
   rF+++:     It renders you almost immune to fire.
   Will-:     It decreases your willpower.
   rCorr:     It protects you from acid and corrosion.
 f - a +6 ring of dexterity (left hand)
 j - an amulet of reflection
 p - the amulet "Zunaacis" {Faith SInv}
   (You acquired it on level 4 of the Snake Pit)

   [amulet of faith]

   Faith:     It allows you to gain divine favour quickly.
   SInv:      It lets you see invisible.
 u - the amulet "Kim Hett" {Spirit rCorr Dex+3 Stlth+}
   (You bought it in a shop on level 4 of the Depths)

   [amulet of guardian spirit]

   Spirit:    It causes incoming damage to be divided between your reserves of
   health and magic.
   Dex+3:     It affects your dexterity (+3).
   rCorr:     It protects you from acid and corrosion.
   Stlth+:    It makes you more stealthy.
 y - a +5 ring of evasion (right hand)
 A - a ring of protection from fire
Wands
 x - a wand of digging (14)
Scrolls
 g - 9 scrolls of teleportation
 i - 12 scrolls of identify
Potions
 c - 9 potions of enlightenment
 e - 9 potions of might
 k - 2 potions of mutation
 r - 10 potions of haste
 v - 4 potions of magic
 w - a potion of cancellation
 z - 6 potions of resistance

Dungeon Overview and Level Annotations

Branches:
Dungeon (15/15)            Temple (1/1) D:5            Lair (5/5) D:9
  Swamp (4/4) Lair:3        Snake (4/4) Lair:3        Slime (0/5) Lair:5
    Orc (2/2) D:12            Elf (0/3) Orc:2        Vaults (5/5) D:13
  Crypt (0/3) Vaults:3     Depths (4/4) D:15            Zot (5/5) Depths:4
Ossuary (visited)         Gauntlet (visited)

Altars:
Ashenzari
Cheibriados
Dithmenos
Elyvilon
Fedhas
Gozag
Hepliaklqana
Kikubaaqudgha
Makhleb
Nemelex Xobeh
Okawaru
Qazlal
Ru
Sif Muna
Trog
Uskayaw
Vehumet
Wu Jian
Xom
Yredelemnul
Zin
The Shining One

Shops:
D:3 =   D:13 *   Orc:2 =*[(   Snake:2 [   Snake:4 :   Vaults:1 !   Depths:4 ::=

Portals:
Hell: Depths:1 Depths:2 Depths:3 Depths:4
Abyss: Depths:3
Pandemonium: Depths:2 Depths:3 Depths:4
Ziggurat: Depths:1
Trove: Depths:1 (show abyssal rune of Zot)

Annotations:
D:6 2 transporters, qw's ghost, novice DEHu
Lair:5 1 runed translucent door
Snake:1 2 transporters, sleeves's ghost, adept BaSu
Orc:2 2 transporters, qw's ghost, adept GrFi
Vaults:4 5 transporters
Depths:1 exclusion: 3 floating eyes


Message History

The Brimstone Fiend closely misses you. The hell hound completely misses you.
The golden eye blinks at you. You resist with almost no effort.
The soul eater completely misses you. The cacodemon completely misses you. x2
The demonspawn warmonger hits you from afar with a +2 glaive of freezing!
The demonspawn warmonger freezes you. The hell hound closely misses you.
The Brimstone Fiend completely misses you.
The Brimstone Fiend misses you. x2; The golden eye blinks!
A Vuunk and a small abomination come into view.
The hell hound completely misses you.
The soul eater hits you but does no damage.
The cacodemon completely misses you. The cacodemon closely misses you.
The demonspawn warmonger completely misses you.
The Brimstone Fiend completely misses you.
The Brimstone Fiend hits you.
The Brimstone Fiend completely misses you.
The golden eye blinks at you.
You are more confused.
Your surroundings suddenly seem different.
You hear a grinding noise.
You hear a grinding noise.
You hear a grinding noise.
The hell hound barks!
You hear a grinding noise.
Vuunk says, "Face thy requiem, thou ducking common-kissing pumpion!"
The hell hound completely misses you.
You feel yourself speed up. The hell hound breathes flames at you.
The blast of flame misses you.
Your extra speed is starting to run out.
Vuunk completely misses you. The hell hound completely misses you.
Vuunk completely misses you.
Your magic seems less tainted.
Vuunk misses you. The hell hound completely misses you. Vuunk misses you.
The hell hound completely misses you. Vuunk hits you!!!
Vuunk drains your vigour!
You feel yourself slow down.
The hell hound bites you but does no damage.
Vuunk hits you but does no damage. The hell hound completely misses you.
Vuunk hits you!!
You die...

#.)..........####.........
#............####.##......
###.............#.#.).....
#.......................
#.................###...
#.................#.....
##...................#..
##........#........####
#######.<..@..##.........###
####....#....h&..#.............
##.##.....................###.#.
#.....#.......12...........#####
#.....#...................####..
#........#................##....
#........#....x.................
####.....#..#.......#...........
#....#...##....###...........


You could see Vuunk, a Brimstone Fiend, a cacodemon, a hell hound and a small
abomination.

Vanquished Creatures
  A pandemonium lord (Depths:4)
  A seraph (D:12)
  A dread lich (Zot:5)
  4 orbs of fire (Zot:5)
  5 ancient liches
  Sojobo (Vaults:3)
  10 Killer Klowns
  3 curse toes
  13 golden dragons
  Nikola (Swamp:2)
  2 bone dragons
  2 Tzitzimimeh (Depths:3)
  3 doom hounds (Depths:3)
  3 electric golems
  A Brimstone Fiend (D:6)
  20 tentacled monstrosities
  28 Orb Guardians
  Jorgrun (Orc:2)
  Mlioglotl (Snake:3)
  An Ice Fiend (Depths:4)
  3 liches
  10 quicksilver dragons
  10 titans
  Grunn (Depths:3)
  8 sphinxes
  7 death cobs
  2 Executioners
  Kirke (Swamp:2)
  Frances (Swamp:2)
  14 storm dragons
  A storm dragon (shapeshifter) (Vaults:2)
  Aizul (Snake:2)
  4 draconian monks
  6 shadow dragons
  Donald (Vaults:2)
  A revenant (Vaults:3)
  7 tengu reavers
  9 draconian knights
  8 nagarajas (Snake:4)
  3 iron dragons
  4 fire giants
  11 frost giants
  18 vault wardens
  4 draconian scorchers
  A ghost moth (Zot:5)
  5 draconian shifters
  A deep elf sorcerer (Vaults:5)
  11 ironbound preservers
  2 orc warlords
  2 draconian annihilators (Zot:4)
  An angel (D:12)
  A balrug (Zot:4)
  A demonspawn corrupter (D:6)
  A reaper (Depths:3)
  3 spriggan defenders
  3 draconian stormcallers
  2 war gargoyles
  27 very ugly things
  13 stone giants
  3 formless jellyfish
  Nessos (Lair:5)
  5 eleionomae
  3 vampire knights
  2 ironbound thunderhulks
  11 black draconians
  15 green draconians
  12 white draconians
  3 spark wasps
  A minotaur (Gauntlet)
  A deep elf demonologist (Vaults:5)
  A deep elf annihilator (Vaults:5)
  A bunyip (shapeshifter) (Vaults:4)
  13 purple draconians
  5 yellow draconians
  11 dire elephants
  7 bunyips
  Snorg (D:11)
  10 red draconians
  An eidolon (Vaults:3)
  A blizzard demon (Depths:1)
  13 yaktaur captains
  An entropy weaver (Vaults:4)
  Josephine (D:13)
  5 ettins
  A merfolk javelineer (Depths:3)
  2 jiangshi (Depths:4)
  4 fire dragons
  3 merfolk impalers (Depths:3)
  A crystal guardian (Vaults:2)
  Erolcha (Orc:1)
  4 great orbs of eyes
  33 vault guards
  4 rakshasas
  5 alligators
  A hell beast (Depths:2)
  2 ogre magi
  2 ghost crabs (Swamp:4)
  8 ironbound frosthearts
  10 anacondas
  2 peacekeepers
  7 ice dragons
  4 spriggan air magi
  9 hydras
  2 salamander tyrants (Snake:4)
  4 boulder beetles
  10 centaur warriors
  2 death knights
  16 naga warriors
  3 deep troll shamans
  4 tengu warriors
  2 vampire magi
  10 two-headed ogres
  12 naga sharpshooters
  2 orc high priests
  4 deep troll earth magi
  6 death yaks (Lair:1)
  10 spriggan berserkers
  3 sun demons
  4 hell knights
  3 soul eaters
  Nergalle (D:12)
  4 shock serpents
  A wretched star (Abyss:2)
  7 salamander mystics
  2 skysharks (Lair:4)
  6 iron trolls
  6 goliath frogs
  2 sea snakes (Snake:3)
  2 death drakes
  2 glowing orange brains
  3 shadow demons
  A skeletal warrior (D:13)
  A sixfirhy (Zot:5)
  2 cherubim
  6 flayed ghosts
  35 deep trolls
  11 spriggan druids
  2 spectral hydras (Swamp:4)
  A tengu zombie (Vaults:2)
  An orb spider (shapeshifter) (Vaults:2)
  3 swamp dragons
  8 naga ritualists
  5 wizards
  8 phantasmal warriors
  21 ironbound convokers
  7 bog bodies
  6 necromancers
  4 lindwurms
  5 alligator zombies (Swamp:4)
  4 mana vipers
  7 orc knights
  A human zombie (Vaults:2)
  A stone giant zombie (Depths:1)
  A deep elf pyromancer (D:14)
  31 salamanders
  An iron dragon zombie (Depths:1)
  5 cyclopes
  2 manticores (D:15)
  7 orc sorcerers
  43 ugly things
  An oklob plant (D:4)
  24 moths of wrath
  A will-o-the-wisp (Swamp:1)
  23 naga magi
  8 elephants (Lair:5)
  2 orange demons
  23 vault sentinels
  A fire giant skeleton (Depths:1)
  37 black mambas
  4 guardian serpents
  A rust devil (Depths:4)
  4 smoke demons
  7 centaur zombies (D:13)
  7 torpor snails
  2 unseen horrors (D:12)
  11 cane toads
  5 centaur skeletons (D:13)
  3 kobold demonologists
  2 efreet
  A minotaur zombie (Gauntlet)
  A rime drake (Lair:5)
  2 tengu conjurers
  24 yaktaurs
  11 komodo dragons
  2 tormentors (Depths:3)
  5 freezing wraiths
  2 swamp worm zombies (Swamp:4)
  4 hydra zombies (Swamp:4)
  3 hellwings
  8 trolls
  6 bloated husks
  A meliai (shapeshifter) (D:13)
  23 hornets
  14 tyrant leeches
  12 blink frogs
  4 spectral swamp dragons (Swamp:4)
  4 large abominations
  A centaur simulacrum (D:15)
  4 dream sheep (Lair:3)
  7 flying skulls
  47 slime creatures
  32 spriggans
  A spriggan (shapeshifter) (D:14)
  7 shadows (D:13)
  3 wyverns
  6 wraiths
  46 yaks
  2 humans (Swamp:2)
  6 water elementals (Depths:3)
  2 golden eyes (D:6)
  3 hogs (Swamp:2)
  5 steam dragons
  2 redbacks (Vaults:4)
  3 basilisks
  A neqoxec (Zot:4)
  9 vampire mosquitoes
  A fire elemental (D:13)
  Menkaure (D:7)
  3 wargs
  60 nagas
  2 acid dragons
  21 swamp worms
  A hell hound (D:6)
  11 water moccasins
  A glowing shapeshifter skeleton (Vaults:2)
  A human simulacrum (Vaults:2)
  4 swamp drakes
  A floating eye (Depths:2)
  11 ogres
  29 orc warriors
  15 wolves
  6 black bears
  3 swamp dragon zombies (Swamp:4)
  8 centaurs
  12 phantoms
  5 kobold brigands
  19 bullfrogs
  4 gnoll sergeants
  6 scorpions
  2 water moccasin zombies (Ossuary)
  16 wights
  13 killer bees
  An electric eel (Snake:3)
  6 howler monkeys
  A lava snake (Snake:1)
  2 hounds
  20 orc priests
  3 sleepcaps
  Terence (D:2)
  12 iguanas
  26 orc wizards
  A boggart skeleton (D:13)
  2 mummies (Ossuary)
  A hound skeleton (D:3)
  8 gnolls
  2 swamp drake zombies (Swamp:4)
  5 adders
  2 shadow imps (D:5)
  2 white imps
  10 adder zombies
  An adder skeleton (D:3)
  2 worms
  4 dart slugs
  60 orcs
  9 ball pythons
  3 bats (D:1)
  11 endoplasms
  2 giant cockroaches (D:2)
  3 gnoll zombies (Ossuary)
  10 goblins
  5 hobgoblins
  A jackal (D:5)
  23 kobolds
  5 quokkas
  A ball python zombie (D:3)
  A frilled lizard (D:1)
  A goblin zombie (D:8)
  8 hobgoblin zombies (Ossuary)
  4 kobold zombies (Ossuary)
  7 orc zombies (Ossuary)
  A quokka skeleton (D:3)
  A quokka zombie (D:8)
  7 rats
1916 creatures vanquished.

Vanquished Creatures (others)
  A lich (Depths:2)
  A draconian knight (Zot:3)
  A fire giant (Vaults:2)
  A draconian annihilator (Zot:3)
  A yellow draconian (Zot:3)
  A vault sentinel (Vaults:2)
  A bloated husk (Swamp:4)
  A golden eye (D:6)
  2 hell hounds (D:6)
  An orc (Orc:2)
  4 foxfires (Swamp:1)
15 creatures vanquished.

Grand Total: 1931 creatures vanquished

Notes
Turn   | Place    | Note
-------+----------+-------------------------------------------
     0 | D:1      | qw the Gargoyle Hunter began the quest for the Orb.
     0 | D:1      | Reached XP level 1. HP: 12/12 MP: 1/1
     0 | D:1      | 0 ||| qw: Version: 0.3-a-76-g4403597
     0 | D:1      | 0 ||| qw: Game counter: 43
     0 | D:1      | 0 ||| qw: Melee chars always use a shield: true
     0 | D:1      | 0 ||| qw: God list: Okawaru
     0 | D:1      | 0 ||| qw: Allow faded altars: false
     0 | D:1      | 0 ||| qw: Do Orc after clearing Dungeon:15 true
     0 | D:1      | 0 ||| qw: Do second Lair branch before Depths: true
     0 | D:1      | 0 ||| qw: Lair rune preference: random
     0 | D:1      | 0 ||| qw: Goals: Normal
     0 | D:1      | 0 ||| PLANNING D:1-11
    47 | D:1      | Reached XP level 2. HP: 17/17 MP: 2/2
   463 | D:1      | Reached XP level 3. HP: 21/21 MP: 3/3
   664 | D:1      | 664 ||| UPGRADING to +6 ring of dexterity.
   665 | D:1      | 665 ||| READING scroll labelled XOOKHE KUANAU.
   666 | D:1      | 666 ||| DRINKING 2 cyan potions.
   667 | D:1      | 667 ||| DROPPING scroll of butterflies.
   900 | D:2      | Found a faded altar of an unknown god.
   975 | D:2      | Noticed Terence
   981 | D:2      | Killed Terence
   982 | D:2      | Reached skill level 3 in Fighting
   982 | D:2      | Reached XP level 4. HP: 18/28 MP: 4/4
  1162 | D:2      | Identified the +1 ring mail of Fashionability {Will- Regen+
                  | Str+2 Dex+3}
  1509 | D:2      | 1509 ||| UPGRADING to +0 pair of boots.
  1514 | D:2      | 1514 ||| UPGRADING to +1 hat.
  1519 | D:2      | 1519 ||| UPGRADING to +1 ring mail of Fashionability {Will-
                  | Regen+ Str+2 Dex+3}.
  1529 | D:2      | 1529 ||| DROPPING +0 leather armour.
  1530 | D:2      | 1530 ||| UPGRADING to amulet of reflection.
  1535 | D:2      | 1535 ||| UPGRADING to ring of willpower.
  1536 | D:2      | 1536 ||| READING scroll labelled XEAQET NEIJETA.
  1537 | D:2      | 1537 ||| READING scroll labelled ZAMNYMYMAKH.
  1538 | D:2      | 1538 ||| READING scroll labelled NOCETO GIORIMA.
  1539 | D:2      | 1539 ||| READING scroll labelled OHITHU VOTO.
  1540 | D:2      | 1540 ||| DRINKING 2 sedimented red potions.
  1541 | D:2      | 1541 ||| DROPPING potion of degeneration.
  1588 | D:3      | Reached skill level 1 in Armour
  1661 | D:3      | Found an ancient bone altar of Kikubaaqudgha.
  1792 | D:3      | Found Tuuwn's Jewellery Boutique.
  1797 | D:3      | 1797 ||| SHOPLISTING ring "Sewn" {EV+5 Str+5 Int+4 Slay-2}
                  | (695 gold, have 196).
  1888 | D:3      | Reached XP level 5. HP: 32/32 MP: 5/5
  1961 | D:3      | Found a shadowy altar of Dithmenos.
  2189 | D:3      | 2189 ||| UPGRADING to ring of see invisible.
  2191 | D:3      | 2191 ||| DRINKING 2 fizzy inky potions.
  2192 | D:3      | 2192 ||| DROPPING potion of attraction.
  2236 | D:4      | 2236 ||| STAIRDANCE
  2253 | D:4      | 2253 ||| STAIRDANCE
  2347 | D:4      | 2347 ||| READING scroll labelled FORUNO EKHLOC.
  2347 | D:4      | Identified a scroll of acquirement
  2347 | D:4      | 2347 ||| ACQUIRING +3 hand cannon "Gisokhed" {speed, rF+
                  | SInv}
  2347 | D:4      | Acquired the +3 hand cannon "Gisokhed" {speed, rF+ SInv}
  2349 | D:4      | 2349 ||| SWAPPING to +3 hand cannon "Gisokhed" {speed, rF+
                  | SInv}.
  2350 | D:4      | 2350 ||| REMOVING ring of see invisible.
  2351 | D:4      | 2351 ||| DROPPING +0 heavy shortbow.
  2352 | D:4      | 2352 ||| UPGRADING to ring of willpower.
  2354 | D:4      | 2354 ||| FLEEEEING.
  2357 | D:4      | 2357 ||| FLEEEEING.
  2358 | D:4      | 2358 ||| FLEEEEING.
  2359 | D:4      | 2359 ||| FLEEEEING.
  2360 | D:4      | 2360 ||| FLEEEEING.
  2362 | D:4      | 2362 ||| FLEEEEING.
  2363 | D:4      | 2363 ||| FLEEEEING.
  2364 | D:4      | 2364 ||| FLEEEEING.
  2365 | D:4      | 2365 ||| FLEEEEING.
  2366 | D:4      | 2366 ||| FLEEEEING.
  2367 | D:4      | 2367 ||| FLEEEEING.
  2368 | D:4      | 2368 ||| STAIRDANCE
  2375 | D:4      | Reached skill level 6 in Ranged Weapons
  2375 | D:4      | 2375 ||| STAIRDANCE
  2379 | D:4      | 2379 ||| STAIRDANCE
  2383 | D:4      | 2383 ||| STAIRDANCE
  2387 | D:4      | 2387 ||| STAIRDANCE
  2391 | D:4      | 2391 ||| STAIRDANCE
  2395 | D:4      | 2395 ||| STAIRDANCE
  2399 | D:4      | 2399 ||| STAIRDANCE
  2403 | D:4      | 2403 ||| STAIRDANCE
  2407 | D:4      | 2407 ||| STAIRDANCE
  2411 | D:4      | 2411 ||| STAIRDANCE
  2415 | D:4      | 2415 ||| STAIRDANCE
  2419 | D:4      | 2419 ||| STAIRDANCE
  2423 | D:4      | 2423 ||| STAIRDANCE
  2427 | D:4      | 2427 ||| STAIRDANCE
  2431 | D:4      | 2431 ||| STAIRDANCE
  2435 | D:4      | 2435 ||| STAIRDANCE
  2439 | D:4      | 2439 ||| STAIRDANCE
  2522 | D:4      | Found a blossoming altar of Fedhas.
  2541 | D:4      | Noticed an oklob plant
  2564 | D:4      | Killed an oklob plant
  2565 | D:4      | Reached XP level 6. HP: 37/37 MP: 6/6
  2565 | D:4      | Reached XP level 7. HP: 41/41 MP: 7/7
  2761 | D:5      | Entered Level 5 of the Dungeon
  2764 | D:5      | Reached skill level 4 in Fighting
  2857 | D:5      | Found a staircase to the Ecumenical Temple.
  2858 | D:5      | 2858 ||| PLANNING TEMPLE
  2866 | Temple   | Entered the Ecumenical Temple
  2867 | Temple   | 2867 ||| PLANNING D:1-11
  2954 | D:5      | 2954 ||| FLEEEEING.
  2955 | D:5      | 2955 ||| FLEEEEING.
  2956 | D:5      | 2956 ||| FLEEEEING.
  2957 | D:5      | 2957 ||| FLEEEEING.
  2958 | D:5      | 2958 ||| FLEEEEING.
  2959 | D:5      | 2959 ||| STAIRDANCE
  3061 | D:4      | 3061 ||| UPGRADING to +0 cloak.
  3066 | D:4      | 3066 ||| READING scroll labelled HALAEC ZIDEAVEA.
  3067 | D:4      | 3067 ||| READING scroll labelled IMOWUY GYELE.
  3071 | D:4      | 3071 ||| READING scroll labelled LUDILI XASTREN.
  3170 | D:5      | Reached XP level 8. HP: 48/48 MP: 8/8
  3187 | D:5      | 3187 ||| Stepping ~*~*~tactically~*~*~ (retreating).
  3188 | D:5      | 3188 ||| Stepping ~*~*~tactically~*~*~ (retreating).
  3189 | D:5      | 3189 ||| Stepping ~*~*~tactically~*~*~ (retreating).
  3190 | D:5      | 3190 ||| Stepping ~*~*~tactically~*~*~ (retreating).
  3216 | D:5      | Reached skill level 5 in Fighting
  3283 | D:5      | 3283 ||| UPGRADING to +0 helmet.
  3293 | D:5      | 3293 ||| DROPPING +1 hat.
  3294 | D:5      | 3294 ||| READING scroll labelled KECOTO ZAUZES.
  3295 | D:5      | 3295 ||| READING 2 scrolls of identify.
  3295 | D:5      | 3295 ||| IDENTIFYING puce potion
  3296 | D:5      | 3296 ||| DROPPING potion of berserk rage.
  3409 | D:6      | Found a transporter.
  3410 | D:6      | Found a transporter.
  3414 | D:6      | Noticed qw's ghost (novice DEHu)
  3440 | D:6      | Noticed a queen bee
  3552 | D:6      | 3552 ||| Stepping ~*~*~tactically~*~*~ (outnumbered).
  3556 | D:6      | Reached skill level 9 in Ranged Weapons
  3563 | D:6      | Found a glowing silver altar of Zin.
  3587 | D:6      | Noticed a kobold demonologist
  3591 | D:6      | Noticed a red devil
  3591 | D:6      | Killed a kobold demonologist
  3592 | D:6      | Reached XP level 9. HP: 54/54 MP: 9/9
  3772 | D:6      | 3772 ||| DRINKING 3 lumpy emerald potions.
  3773 | D:6      | 3773 ||| READING 4 scrolls of identify.
  3773 | D:6      | 3773 ||| IDENTIFYING yellow potion
  3774 | D:6      | 3774 ||| READING 3 scrolls of identify.
  3774 | D:6      | 3774 ||| IDENTIFYING glowing dark potion
  3775 | D:6      | 3775 ||| READING 2 scrolls of identify.
  3775 | D:6      | 3775 ||| IDENTIFYING black potion
  3776 | D:6      | 3776 ||| DROPPING potion of lignification.
  3808 | D:7      | 3808 ||| STAIRDANCE
  3817 | D:6      | Reached skill level 6 in Fighting
  3828 | D:7      | 3828 ||| STAIRDANCE
  3840 | D:7      | 3840 ||| STAIRDANCE
  3849 | D:7      | 3849 ||| STAIRDANCE
  3969 | D:7      | Noticed Menkaure
  3971 | D:7      | Killed Menkaure
  4545 | D:7      | 4545 ||| Stepping ~*~*~tactically~*~*~ (retreating).
  4546 | D:7      | 4546 ||| Stepping ~*~*~tactically~*~*~ (retreating).
  4567 | D:7      | 4567 ||| READING scroll labelled XEOLOA NUMMAIFOH.
  4584 | D:8      | 4584 ||| PLANNING OSSUARY
  4612 | D:8      | Found a broken altar of Ashenzari.
  4619 | D:8      | Found an ornate altar of the Wu Jian Council.
  4623 | D:8      | Found an iron altar of Okawaru.
  4623 | D:8      | Found a burning altar of Makhleb.
  4634 | D:8      | Found a bloodstained altar of Trog.
  4738 | D:8      | Reached skill level 7 in Fighting
  4751 | D:8      | Noticed a two-headed ogre
  4756 | D:8      | Killed a two-headed ogre
  4757 | D:8      | Reached XP level 10. HP: 63/63 MP: 10/10
  4816 | D:8      | Noticed a two-headed ogre
  4821 | D:8      | Killed a two-headed ogre
  4822 | D:8      | Reached skill level 8 in Fighting
  4830 | D:8      | Found a flagged portal.
  4867 | D:8      | Found a sand-covered staircase.
  4868 | D:8      | 4868 ||| DROPPING ring of flight.
  4881 | Ossuary  | Entered an ossuary
  5021 | Ossuary  | 5021 ||| DROPPING ring of positive energy.
  5022 | Ossuary  | 5022 ||| DRINKING 3 bubbling orange potions.
  5023 | Ossuary  | 5023 ||| DRINKING 2 coppery potions.
  5024 | Ossuary  | 5024 ||| READING 4 scrolls of identify.
  5024 | Ossuary  | 5024 ||| IDENTIFYING bubbling grey potion
  5025 | Ossuary  | 5025 ||| DROPPING 2 potions of brilliance.
  5026 | Ossuary  | 5026 ||| DROPPING potion of invisibility.
  5027 | Ossuary  | 5027 ||| DROPPING potion of magic.
  5033 | D:8      | 5033 ||| PLANNING OKAWARU WORSHIP
  5126 | D:8      | Became a worshipper of Warmaster Okawaru
  5127 | D:8      | 5127 ||| PLANNING D:1-11
  5177 | D:8      | 5177 ||| FLEEEEING.
  5191 | D:8      | 5191 ||| FLEEEEING.
  5196 | D:8      | 5196 ||| STAIRDANCE
  5326 | D:8      | Found a shimmering altar of Xom.
  5379 | D:8      | Reached skill level 12 in Ranged Weapons
  5476 | D:8      | 5476 ||| RETREATING.
  5479 | D:8      | 5479 ||| Stepping ~*~*~tactically~*~*~ (retreating).
  5480 | D:8      | 5480 ||| Stepping ~*~*~tactically~*~*~ (retreating).
  5481 | D:8      | 5481 ||| Stepping ~*~*~tactically~*~*~ (retreating).
  5482 | D:8      | 5482 ||| Stepping ~*~*~tactically~*~*~ (retreating).
  5483 | D:8      | 5483 ||| Stepping ~*~*~tactically~*~*~ (retreating).
  5486 | D:8      | 5486 ||| Stepping ~*~*~tactically~*~*~ (retreating).
  5496 | D:8      | Reached * piety under Okawaru
  5501 | D:8      | Reached skill level 1 in Invocations
  5581 | D:8      | 5581 ||| RETREATING.
  5965 | D:9      | Noticed a two-headed ogre
  5966 | D:9      | 5966 ||| INVOKING Heroism.
  5970 | D:9      | Killed a two-headed ogre
  5971 | D:9      | Reached skill level 3 in Invocations
  5971 | D:9      | Reached XP level 11. HP: 69/69 MP: 9/13
  6017 | D:9      | Reached ** piety under Okawaru
  6019 | D:9      | 6019 ||| FLEEEEING.
  6020 | D:9      | 6020 ||| FLEEEEING.
  6021 | D:9      | 6021 ||| FLEEEEING.
  6024 | D:9      | 6024 ||| INVOKING Heroism.
  6059 | D:9      | 6059 ||| INVOKING Heroism.
  6085 | D:9      | Reached skill level 9 in Fighting
  6113 | D:9      | Found a staircase to the Lair.
  6130 | D:9      | Noticed a two-headed ogre
  6131 | D:9      | 6131 ||| INVOKING Heroism.
  6139 | D:9      | Killed a two-headed ogre
  6193 | D:9      | Noticed a two-headed ogre
  6194 | D:9      | 6194 ||| INVOKING Heroism.
  6199 | D:9      | Killed a two-headed ogre
  6227 | D:9      | 6227 ||| INVOKING Heroism.
  6349 | D:9      | Found a sacrificial altar of Ru.
  6524 | D:9      | 6524 ||| INVOKING Heroism.
  6595 | D:9      | 6595 ||| RETREATING.
  6954 | D:9      | 6954 ||| PLANNING LAIR
  6954 | D:9      | 6954 ||| UPGRADING to +0 pair of gloves.
  6959 | D:9      | 6959 ||| READING 4 scrolls of identify.
  6959 | D:9      | 6959 ||| IDENTIFYING fizzy red potion
  6978 | Lair:1   | Entered Level 1 of the Lair of Beasts
  6986 | Lair:1   | 6986 ||| RETREATING.
  7010 | Lair:1   | Reached skill level 6 in Armour
  7018 | Lair:1   | Identified the +10 flail of Disharmony {freeze, Int+4
                  | Dex+3}
  7020 | Lair:1   | 7020 ||| INVOKING Heroism.
  7039 | Lair:1   | Found a white marble altar of Elyvilon.
  7045 | Lair:1   | Reached skill level 10 in Fighting
  7049 | Lair:1   | 7049 ||| INVOKING Heroism.
  7076 | Lair:1   | 7076 ||| INVOKING Heroism.
  7148 | Lair:1   | 7148 ||| INVOKING Heroism.
  7152 | Lair:1   | 7152 ||| RETREATING.
  7154 | Lair:1   | 7154 ||| Stepping ~*~*~tactically~*~*~ (retreating).
  7155 | Lair:1   | 7155 ||| Stepping ~*~*~tactically~*~*~ (retreating).
  7158 | Lair:1   | Reached skill level 6 in Dodging
  7195 | Lair:1   | Noticed a death yak
  7196 | Lair:1   | 7196 ||| INVOKING Heroism.
  7198 | Lair:1   | Noticed a death yak
  7199 | Lair:1   | 7199 ||| RETREATING.
  7202 | Lair:1   | Noticed a death yak
  7208 | Lair:1   | Killed a death yak
  7209 | Lair:1   | Reached XP level 12. HP: 77/77 MP: 13/15
  7209 | Lair:1   | Noticed a death yak
  7210 | Lair:1   | Killed a death yak
  7210 | Lair:1   | Reached *** piety under Okawaru
  7211 | Lair:1   | Noticed a death yak
  7215 | Lair:1   | Noticed a death yak
  7224 | Lair:1   | 7224 ||| INVOKING Heroism.
  7225 | Lair:1   | Killed a death yak
  7232 | Lair:1   | Killed a death yak
  7237 | Lair:1   | Killed a death yak
  7237 | Lair:1   | Reached **** piety under Okawaru
  7238 | Lair:1   | Reached skill level 15 in Ranged Weapons
  7241 | Lair:1   | Killed a death yak
  7692 | Lair:1   | 7692 ||| READING scroll labelled JED AMARASUF.
  7693 | Lair:1   | 7693 ||| DRINKING 2 inky potions.
  7702 | Lair:2   | 7702 ||| STAIRDANCE
  7708 | Lair:2   | 7708 ||| STAIRDANCE
  7718 | Lair:2   | 7718 ||| FLEEEEING.
  7719 | Lair:2   | 7719 ||| STAIRDANCE
  7724 | Lair:2   | 7724 ||| STAIRDANCE
  7728 | Lair:2   | 7728 ||| STAIRDANCE
  7730 | Lair:1   | 7730 ||| INVOKING Heroism.
  7748 | Lair:2   | 7748 ||| STAIRDANCE
  7759 | Lair:2   | 7759 ||| INVOKING Heroism.
  7791 | Lair:2   | Reached skill level 6 in Invocations
  7842 | Lair:2   | Noticed a seven-headed hydra
  7843 | Lair:2   | 7843 ||| INVOKING Heroism.
  7850 | Lair:2   | Killed a seven-headed hydra
  7872 | Lair:2   | 7872 ||| RETREATING.
  7891 | Lair:2   | 7891 ||| Stepping ~*~*~tactically~*~*~ (retreating).
  7899 | Lair:2   | 7899 ||| Stepping ~*~*~tactically~*~*~ (retreating).
  7901 | Lair:2   | 7901 ||| Stepping ~*~*~tactically~*~*~ (retreating).
  7909 | Lair:2   | 7909 ||| INVOKING Heroism.
  7919 | Lair:2   | Reached ***** piety under Okawaru
  7985 | Lair:2   | 7985 ||| INVOKING Heroism.
  8076 | Lair:2   | 8076 ||| READING scroll of enchant armour.
  8076 | Lair:2   | 8076 ||| ENCHANTING +0 pair of gloves.
  8140 | Lair:2   | You fall into a shaft and drop 2 floors!
  8161 | Lair:4   | 8161 ||| READING scroll labelled ZYGEAZURGH.
  8186 | Lair:3   | Reached XP level 13. HP: 83/83 MP: 18/18
  8488 | Lair:3   | Found a staircase to the Snake Pit.
  8492 | Lair:3   | 8492 ||| RETREATING.
  8498 | Lair:3   | 8498 ||| RETREATING.
  8499 | Lair:3   | 8499 ||| Stepping ~*~*~tactically~*~*~ (retreating).
  8500 | Lair:3   | 8500 ||| Stepping ~*~*~tactically~*~*~ (retreating).
  8506 | Lair:3   | 8506 ||| INVOKING Heroism.
  8511 | Lair:3   | 8511 ||| Stepping ~*~*~tactically~*~*~ (retreating).
  8512 | Lair:3   | 8512 ||| Stepping ~*~*~tactically~*~*~ (retreating).
  8513 | Lair:3   | 8513 ||| Stepping ~*~*~tactically~*~*~ (retreating).
  8514 | Lair:3   | 8514 ||| Stepping ~*~*~tactically~*~*~ (retreating).
  8515 | Lair:3   | 8515 ||| Stepping ~*~*~tactically~*~*~ (retreating).
  8516 | Lair:3   | 8516 ||| Stepping ~*~*~tactically~*~*~ (retreating).
  8517 | Lair:3   | 8517 ||| Stepping ~*~*~tactically~*~*~ (retreating).
  8518 | Lair:3   | 8518 ||| Stepping ~*~*~tactically~*~*~ (retreating).
  8519 | Lair:3   | 8519 ||| Stepping ~*~*~tactically~*~*~ (retreating).
  8520 | Lair:3   | 8520 ||| Stepping ~*~*~tactically~*~*~ (retreating).
  8521 | Lair:3   | 8521 ||| Stepping ~*~*~tactically~*~*~ (retreating).
  8537 | Lair:3   | 8537 ||| Stepping ~*~*~tactically~*~*~ (outnumbered).
  8544 | Lair:3   | 8544 ||| INVOKING Heroism.
  8593 | Lair:3   | Reached skill level 11 in Fighting
  8659 | Lair:3   | Found a staircase to the Swamp.
  8750 | Lair:3   | 8750 ||| INVOKING Heroism.
  8752 | Lair:3   | 8752 ||| RETREATING.
  8774 | Lair:3   | Reached skill level 9 in Invocations
  9079 | Lair:3   | 9079 ||| UPGRADING to ring of protection from cold.
  9182 | Lair:4   | 9182 ||| INVOKING Heroism.
  9536 | Lair:4   | Received a gift from Okawaru
  9759 | Lair:4   | 9759 ||| INVOKING Heroism.
  9826 | Lair:4   | 9826 ||| INVOKING Heroism.
  9965 | Lair:5   | Entered Level 5 of the Lair of Beasts
  9966 | Lair:5   | 9966 ||| INVOKING Heroism.
  9971 | Lair:5   | 9971 ||| STAIRDANCE
 10042 | Lair:5   | 10042 ||| INVOKING Heroism.
 10043 | Lair:5   | 10043 ||| INVOKING Finesse.
 10091 | Lair:5   | Found a staircase to the Slime Pits.
 10137 | Lair:5   | 10137 ||| INVOKING Heroism.
 10181 | Lair:5   | 10181 ||| INVOKING Heroism.
 10231 | Lair:5   | 10231 ||| INVOKING Heroism.
 10234 | Lair:5   | Received a gift from Okawaru
 10272 | Lair:5   | 10272 ||| Stepping ~*~*~tactically~*~*~ (retreating).
 10273 | Lair:5   | 10273 ||| Stepping ~*~*~tactically~*~*~ (retreating).
 10274 | Lair:5   | 10274 ||| Stepping ~*~*~tactically~*~*~ (retreating).
 10275 | Lair:5   | 10275 ||| Stepping ~*~*~tactically~*~*~ (retreating).
 10276 | Lair:5   | 10276 ||| Stepping ~*~*~tactically~*~*~ (retreating).
 10277 | Lair:5   | 10277 ||| Stepping ~*~*~tactically~*~*~ (retreating).
 10366 | Lair:5   | 10366 ||| RETREATING.
 10391 | Lair:5   | Noticed Nessos
 10392 | Lair:5   | 10392 ||| INVOKING Finesse.
 10396 | Lair:5   | 10396 ||| INVOKING Heroism.
 10403 | Lair:5   | Killed Nessos
 10403 | Lair:5   | Received a gift from Okawaru
 10538 | Lair:5   | 10538 ||| INVOKING Heroism.
 10561 | Lair:5   | 10561 ||| RETREATING.
 10638 | Lair:5   | 10638 ||| INVOKING Heroism.
 10646 | Lair:5   | Gained mutation: Your large and strong wings let you fly.
                  | [Gargoyle growth]
 10646 | Lair:5   | Reached XP level 14. HP: 90/90 MP: 19/21
 10847 | Lair:5   | 10847 ||| Stepping ~*~*~tactically~*~*~ (outnumbered).
 10849 | Lair:5   | 10849 ||| INVOKING Heroism.
 10850 | Lair:5   | 10850 ||| INVOKING Finesse.
 11023 | Lair:5   | 11023 ||| FLEEEEING.
 11025 | Lair:5   | 11025 ||| FLEEEEING.
 11026 | Lair:5   | 11026 ||| FLEEEEING.
 11027 | Lair:5   | 11027 ||| FLEEEEING.
 11028 | Lair:5   | 11028 ||| FLEEEEING.
 11029 | Lair:5   | 11029 ||| FLEEEEING.
 11030 | Lair:5   | 11030 ||| INVOKING Heroism.
 11049 | Lair:5   | Found a runed translucent door.
 11076 | Lair:5   | 11076 ||| INVOKING Heroism.
 11079 | Lair:5   | 11079 ||| Stepping ~*~*~tactically~*~*~ (retreating).
 11088 | Lair:5   | 11088 ||| RETREATING.
 11090 | Lair:5   | 11090 ||| Stepping ~*~*~tactically~*~*~ (retreating).
 11095 | Lair:5   | 11095 ||| INVOKING Heroism.
 11124 | Lair:5   | 11124 ||| INVOKING Heroism.
 11201 | Lair:5   | 11201 ||| INVOKING Heroism.
 11209 | Lair:5   | Reached skill level 18 in Ranged Weapons
 11410 | Lair:5   | 11410 ||| PLANNING D:1-11
 11410 | Lair:5   | 11410 ||| UPGRADING to scarf of repulsion.
 11420 | Lair:5   | 11420 ||| READING scroll labelled MIORHI MESOCES.
 11558 | D:10     | Entered Level 10 of the Dungeon
 11725 | D:10     | Found a basalt altar of Yredelemnul.
 11778 | D:10     | Found a hide-covered altar of Uskayaw.
 12157 | D:11     | Identified the +2 mace "Kitzadey" {drain, Contam rElec
                  | rN+++ Dex-2}
 12190 | D:11     | 12190 ||| RETREATING.
 12433 | D:11     | 12433 ||| Stepping ~*~*~tactically~*~*~ (outnumbered).
 12434 | D:11     | 12434 ||| Stepping ~*~*~tactically~*~*~ (outnumbered).
 12435 | D:11     | 12435 ||| Stepping ~*~*~tactically~*~*~ (outnumbered).
 12756 | D:11     | 12756 ||| PLANNING D
 12756 | D:11     | 12756 ||| DROPPING ring of wizardry.
 12757 | D:11     | 12757 ||| READING scroll labelled NAITHI GEOK.
 12773 | D:12     | Noticed Snorg
 12774 | D:12     | 12774 ||| PLANNING GAUNTLET
 12774 | D:12     | 12774 ||| INVOKING Heroism.
 12775 | D:12     | 12775 ||| INVOKING Finesse.
 12791 | D:12     | Reached skill level 12 in Fighting
 12792 | D:12     | 12792 ||| STAIRDANCE
 12795 | D:11     | Killed Snorg
 12829 | D:12     | 12829 ||| STAIRDANCE
 12852 | D:12     | Noticed Nergalle
 12853 | D:12     | 12853 ||| Stepping ~*~*~tactically~*~*~ (retreating).
 12868 | D:12     | 12868 ||| INVOKING Heroism.
 12869 | D:12     | 12869 ||| INVOKING Finesse.
 12875 | D:12     | Killed Nergalle
 12897 | D:12     | 12897 ||| INVOKING Heroism.
 12968 | D:12     | Found a staircase to the Orcish Mines.
 12969 | D:12     | 12969 ||| Stepping ~*~*~tactically~*~*~ (retreating).
 12970 | D:12     | 12970 ||| Stepping ~*~*~tactically~*~*~ (retreating).
 12978 | D:12     | 12978 ||| Stepping ~*~*~tactically~*~*~ (outnumbered).
 13045 | D:12     | 13045 ||| DRINKING 7 potions of curing.
 13045 | D:12     | 13045 ||| (to cure confusion)
 13121 | D:12     | 13121 ||| FLEEEEING.
 13122 | D:12     | 13122 ||| FLEEEEING.
 13123 | D:12     | 13123 ||| FLEEEEING.
 13124 | D:12     | 13124 ||| FLEEEEING.
 13125 | D:12     | 13125 ||| FLEEEEING.
 13126 | D:12     | 13126 ||| STAIRDANCE
 13148 | D:11     | Received a gift from Okawaru
 13149 | D:11     | 13149 ||| DROPPING ring of resist corrosion.
 13188 | D:12     | Found a gate leading to a gauntlet.
 13197 | Gauntlet | Entered a Gauntlet
 13197 | Gauntlet | Found a transporter.
 13197 | Gauntlet | Found a transporter.
 13210 | Gauntlet | Found a transporter.
 13228 | Gauntlet | Found a transporter.
 13228 | Gauntlet | Found a transporter.
 13228 | Gauntlet | Found a transporter.
 13230 | Gauntlet | Found a transporter.
 13230 | Gauntlet | Found a transporter.
 13243 | Gauntlet | Found a transporter.
 13261 | Gauntlet | Found a transporter.
 13268 | Gauntlet | Noticed a quicksilver ooze
 13271 | Gauntlet | Found a transporter.
 13287 | Gauntlet | Found a transporter.
 13307 | Gauntlet | Found a transporter.
 13314 | Gauntlet | Found a runed translucent gate.
 13314 | Gauntlet | Found a runed translucent gate.
 13314 | Gauntlet | Found a runed translucent gate.
 13320 | Gauntlet | Found a transporter.
 13355 | Gauntlet | Identified the +2 short sword of Bipt {drain, rPois SInv}
 13427 | Gauntlet | 13427 ||| DROPPING amulet of guardian spirit.
 13440 | Gauntlet | 13440 ||| INVOKING Heroism.
 13441 | Gauntlet | 13441 ||| INVOKING Finesse.
 13489 | Gauntlet | Identified the +2 spear of Action {freeze, Will+}
 13491 | Gauntlet | 13491 ||| READING scroll of enchant armour.
 13491 | Gauntlet | 13491 ||| ENCHANTING +1 pair of gloves.
 13506 | Gauntlet | 13506 ||| DROPPING ring of willpower.
 13507 | Gauntlet | 13507 ||| DROPPING ring of see invisible.
 13508 | Gauntlet | 13508 ||| DROPPING +6 ring of strength.
 13509 | Gauntlet | 13509 ||| UPGRADING to +4 ring of protection.
 13511 | Gauntlet | 13511 ||| DROPPING ring of protection from cold.
 13512 | Gauntlet | 13512 ||| READING 7 scrolls of identify.
 13512 | Gauntlet | 13512 ||| IDENTIFYING fizzy ruby potion
 13517 | D:12     | 13517 ||| PLANNING D
 13804 | D:13     | 13804 ||| INVOKING Heroism.
 13805 | D:13     | 13805 ||| Stepping ~*~*~tactically~*~*~ (outnumbered).
 13806 | D:13     | 13806 ||| Stepping ~*~*~tactically~*~*~ (outnumbered).
 13807 | D:13     | 13807 ||| Stepping ~*~*~tactically~*~*~ (outnumbered).
 13809 | D:13     | 13809 ||| Stepping ~*~*~tactically~*~*~ (outnumbered).
 13810 | D:13     | 13810 ||| Stepping ~*~*~tactically~*~*~ (outnumbered).
 13968 | D:13     | 13968 ||| RETREATING.
 14118 | D:13     | Found Kodeku's Assorted Antiques.
 14130 | D:13     | 14130 ||| BUYING potion of resistance (260 gold).
 14130 | D:13     | Bought a potion of resistance for 260 gold pieces
 14234 | D:13     | 14234 ||| Stepping ~*~*~tactically~*~*~ (retreating).
 14242 | D:13     | Noticed Josephine
 14243 | D:13     | 14243 ||| Stepping ~*~*~tactically~*~*~ (retreating).
 14244 | D:13     | 14244 ||| Stepping ~*~*~tactically~*~*~ (retreating).
 14246 | D:13     | 14246 ||| Stepping ~*~*~tactically~*~*~ (retreating).
 14247 | D:13     | 14247 ||| Stepping ~*~*~tactically~*~*~ (retreating).
 14248 | D:13     | 14248 ||| Stepping ~*~*~tactically~*~*~ (retreating).
 14249 | D:13     | 14249 ||| Stepping ~*~*~tactically~*~*~ (retreating).
 14257 | D:13     | Killed Josephine
 14269 | D:13     | Reached XP level 15. HP: 89/96 MP: 22/22
 14316 | D:13     | 14316 ||| INVOKING Heroism.
 14317 | D:13     | 14317 ||| Stepping ~*~*~tactically~*~*~ (retreating).
 14353 | D:13     | Reached skill level 13 in Fighting
 14361 | D:13     | Identified the +10 rapier of the Pill Bug {flame, *Slow rN+
                  | Str+3 Int+2} (Okawaru gifted it to you on level 13 of the
                  | Dungeon)
 14361 | D:13     | Received a gift from Okawaru
 14563 | D:13     | Found a gate to the Vaults.
 14711 | D:13     | 14711 ||| UPGRADING to +1 pair of boots.
 14721 | D:13     | 14721 ||| DROPPING +0 pair of boots.
 14859 | D:14     | 14859 ||| RETREATING.
 14872 | D:14     | Reached skill level 9 in Dodging
 14882 | D:14     | 14882 ||| INVOKING Heroism.
 15067 | D:14     | Found a radiant altar of Vehumet.
 15100 | D:14     | 15100 ||| RETREATING.
 15281 | D:15     | Entered Level 15 of the Dungeon
 15460 | D:15     | Received a gift from Okawaru
 15483 | D:15     | 15483 ||| Stepping ~*~*~tactically~*~*~ (outnumbered).
 15485 | D:15     | 15485 ||| Stepping ~*~*~tactically~*~*~ (outnumbered).
 15488 | D:15     | Paralysed by an orc sorcerer for 2 turns
 15490 | D:15     | 15490 ||| INVOKING Heroism.
 15491 | D:15     | 15491 ||| Stepping ~*~*~tactically~*~*~ (retreating).
 15492 | D:15     | 15492 ||| Stepping ~*~*~tactically~*~*~ (retreating).
 15493 | D:15     | 15493 ||| Stepping ~*~*~tactically~*~*~ (retreating).
 15494 | D:15     | 15494 ||| INVOKING Finesse.
 15501 | D:15     | 15501 ||| RETREATING.
 15503 | D:15     | Found a staircase to the Depths.
 15504 | D:15     | 15504 ||| RETREATING.
 15581 | D:15     | 15581 ||| Stepping ~*~*~tactically~*~*~ (outnumbered).
 15622 | D:15     | 15622 ||| READING scroll of enchant armour.
 15622 | D:15     | 15622 ||| ENCHANTING +0 helmet.
 15980 | D:15     | 15980 ||| RETREATING.
 16033 | D:15     | 16033 ||| INVOKING Heroism.
 16154 | D:15     | 16154 ||| PLANNING ORC
 16154 | D:15     | 16154 ||| DROPPING ring of ice.
 16155 | D:15     | 16155 ||| READING scroll labelled QINITOLYNA.
 16252 | Orc:1    | Entered Level 1 of the Orcish Mines
 16256 | Orc:1    | 16256 ||| INVOKING Heroism.
 16260 | Orc:1    | 16260 ||| STAIRDANCE
 16270 | Orc:1    | 16270 ||| STAIRDANCE
 16277 | Orc:1    | 16277 ||| STAIRDANCE
 16283 | Orc:1    | 16283 ||| STAIRDANCE
 16287 | D:12     | 16287 ||| DRINKING 6 potions of curing.
 16287 | D:12     | 16287 ||| (to cure confusion)
 16288 | D:12     | 16288 ||| DRINKING 5 potions of curing.
 16288 | D:12     | 16288 ||| (to cure confusion)
 16348 | Orc:1    | Noticed Erolcha
 16351 | Abyss:2  | Cast into level 2 of the Abyss (Erolcha)
 16417 | Abyss:2  | Found a corrupted altar of Lugonu.
 16423 | Orc:1    | Escaped the Abyss
 16428 | Orc:1    | Killed Erolcha
 16645 | Orc:2    | Entered Level 2 of the Orcish Mines
 16645 | Orc:2    | Found a staircase to the Elven Halls.
 16649 | Orc:2    | 16649 ||| STAIRDANCE
 16661 | Orc:2    | 16661 ||| STAIRDANCE
 16678 | Orc:2    | Noticed Jorgrun
 16679 | Orc:2    | 16679 ||| STAIRDANCE
 16700 | Orc:2    | 16700 ||| INVOKING Heroism.
 16701 | Orc:2    | 16701 ||| INVOKING Finesse.
 16716 | Orc:2    | Killed Jorgrun
 16794 | Orc:2    | 16794 ||| INVOKING Heroism.
 16800 | Orc:2    | Reached skill level 14 in Fighting
 16844 | Orc:1    | 16844 ||| INVOKING Heroism.
 16848 | Orc:1    | 16848 ||| RETREATING.
 16860 | Orc:1    | 16860 ||| Stepping ~*~*~tactically~*~*~ (retreating).
 16861 | Orc:1    | 16861 ||| Stepping ~*~*~tactically~*~*~ (retreating).
 16870 | Orc:1    | Reached XP level 16. HP: 86/106 MP: 23/23
 17211 | Orc:2    | 17211 ||| INVOKING Heroism.
 17214 | Orc:2    | 17214 ||| Stepping ~*~*~tactically~*~*~ (outnumbered).
 17237 | Orc:2    | 17237 ||| Stepping ~*~*~tactically~*~*~ (outnumbered).
 17246 | Orc:2    | 17246 ||| Stepping ~*~*~tactically~*~*~ (outnumbered).
 17248 | Orc:2    | 17248 ||| Stepping ~*~*~tactically~*~*~ (outnumbered).
 17250 | Orc:2    | 17250 ||| Stepping ~*~*~tactically~*~*~ (outnumbered).
 17252 | Orc:2    | 17252 ||| INVOKING Finesse.
 17253 | Orc:2    | 17253 ||| Stepping ~*~*~tactically~*~*~ (outnumbered).
 17261 | Orc:2    | 17261 ||| INVOKING Heroism.
 17317 | Orc:2    | 17317 ||| Stepping ~*~*~tactically~*~*~ (outnumbered).
 17318 | Orc:2    | 17318 ||| Stepping ~*~*~tactically~*~*~ (outnumbered).
 17319 | Orc:2    | 17319 ||| Stepping ~*~*~tactically~*~*~ (outnumbered).
 17320 | Orc:2    | 17320 ||| Stepping ~*~*~tactically~*~*~ (outnumbered).
 17321 | Orc:2    | 17321 ||| Stepping ~*~*~tactically~*~*~ (outnumbered).
 17322 | Orc:2    | 17322 ||| Stepping ~*~*~tactically~*~*~ (outnumbered).
 17355 | Orc:2    | 17355 ||| Stepping ~*~*~tactically~*~*~ (outnumbered).
 17356 | Orc:2    | 17356 ||| Stepping ~*~*~tactically~*~*~ (outnumbered).
 17357 | Orc:2    | 17357 ||| Stepping ~*~*~tactically~*~*~ (outnumbered).
 17357 | Orc:2    | Found a transporter.
 17358 | Orc:2    | 17358 ||| Stepping ~*~*~tactically~*~*~ (outnumbered).
 17422 | Orc:2    | 17422 ||| Stepping ~*~*~tactically~*~*~ (outnumbered).
 17424 | Orc:2    | 17424 ||| Stepping ~*~*~tactically~*~*~ (outnumbered).
 17426 | Orc:2    | 17426 ||| Stepping ~*~*~tactically~*~*~ (outnumbered).
 17469 | Orc:2    | 17469 ||| Stepping ~*~*~tactically~*~*~ (outnumbered).
 17471 | Orc:2    | 17471 ||| Stepping ~*~*~tactically~*~*~ (outnumbered).
 17473 | Orc:2    | 17473 ||| INVOKING Heroism.
 17474 | Orc:2    | 17474 ||| Stepping ~*~*~tactically~*~*~ (outnumbered).
 17477 | Orc:2    | 17477 ||| Stepping ~*~*~tactically~*~*~ (outnumbered).
 17496 | Orc:2    | 17496 ||| INVOKING Heroism.
 17515 | Orc:2    | Found a transporter.
 17530 | Orc:2    | Noticed qw's ghost (adept GrFi)
 17604 | Orc:2    | 17604 ||| INVOKING Heroism.
 17663 | Orc:2    | Found Egacin's General Store.
 17670 | Orc:2    | 17670 ||| BUYING potion of heal wounds (50 gold).
 17670 | Orc:2    | Bought a potion of heal wounds for 50 gold pieces
 17679 | Orc:2    | Found Tisao's Jewellery Shoppe.
 17686 | Orc:2    | 17686 ||| BUYING amulet "Vofoucsa" {Faith rF+++ Will- rCorr
                  | Int-4} (1050 gold).
 17686 | Orc:2    | Bought the amulet "Vofoucsa" {Faith rF+++ Will- rCorr
                  | Int-4} for 1050 gold pieces
 17695 | Orc:2    | Found Zarph's Antique Armour Shoppe.
 17702 | Orc:2    | 17702 ||| BUYING embroidered scarf (240 gold).
 17702 | Orc:2    | Bought an embroidered scarf for 240 gold pieces
 17702 | Orc:2    | 17702 ||| BUYING glowing ring mail (210 gold).
 17702 | Orc:2    | Bought a glowing ring mail for 210 gold pieces
 17702 | Orc:2    | 17702 ||| BUYING runed ring mail (210 gold).
 17702 | Orc:2    | Bought a runed ring mail for 210 gold pieces
 17946 | Orc:2    | Found Rikheowy's Antique Weapon Shoppe.
 18037 | Orc:2    | 18037 ||| PLANNING SNAKE:1-3
 18037 | Orc:2    | 18037 ||| DROPPING +1 ring mail of positive energy.
 18038 | Orc:2    | 18038 ||| DROPPING +4 ring mail of positive energy.
 18039 | Orc:2    | 18039 ||| UPGRADING to amulet "Vofoucsa" {Faith rF+++ Will-
                  | rCorr Int-4}.
 18265 | Snake:1  | Entered Level 1 of the Snake Pit
 18266 | Snake:1  | 18266 ||| RETREATING.
 18270 | Snake:1  | 18270 ||| Stepping ~*~*~tactically~*~*~ (outnumbered).
 18276 | Snake:1  | 18276 ||| INVOKING Heroism.
 18284 | Snake:1  | HP: 20/106 [salamander/+0 trident (14)]
 18285 | Snake:1  | 18285 ||| READING 4 scrolls of teleportation.
 18286 | Snake:1  | 18286 ||| DRINKING 6 potions of heal wounds.
 18287 | Snake:1  | 18287 ||| DRINKING 5 potions of heal wounds.
 18290 | Snake:1  | 18290 ||| RETREATING.
 18291 | Snake:1  | 18291 ||| Stepping ~*~*~tactically~*~*~ (retreating).
 18292 | Snake:1  | 18292 ||| Stepping ~*~*~tactically~*~*~ (retreating).
 18293 | Snake:1  | 18293 ||| Stepping ~*~*~tactically~*~*~ (retreating).
 18294 | Snake:1  | 18294 ||| Stepping ~*~*~tactically~*~*~ (retreating).
 18322 | Snake:1  | Reached skill level 21 in Ranged Weapons
 18397 | Snake:1  | 18397 ||| READING scroll of enchant armour.
 18397 | Snake:1  | 18397 ||| ENCHANTING +1 helmet.
 18440 | Snake:1  | 18440 ||| RETREATING.
 18448 | Snake:1  | 18448 ||| INVOKING Heroism.
 18451 | Snake:1  | 18451 ||| Stepping ~*~*~tactically~*~*~ (retreating).
 18455 | Snake:1  | 18455 ||| Stepping ~*~*~tactically~*~*~ (retreating).
 18456 | Snake:1  | 18456 ||| Stepping ~*~*~tactically~*~*~ (retreating).
 18457 | Snake:1  | 18457 ||| Stepping ~*~*~tactically~*~*~ (retreating).
 18461 | Snake:1  | HP: 25/106 [naga/+0 glaive (14)]
 18462 | Snake:1  | 18462 ||| READING 3 scrolls of teleportation.
 18462 | Snake:1  | HP: 10/106 [naga warrior/+0 flail (3)]
 18463 | Snake:1  | 18463 ||| DRINKING 4 potions of heal wounds.
 18464 | Snake:1  | 18464 ||| DRINKING 3 potions of heal wounds.
 18465 | Snake:1  | Found a transporter.
 18467 | Snake:1  | 18467 ||| INVOKING Heroism.
 18468 | Snake:1  | 18468 ||| Stepping ~*~*~tactically~*~*~ (retreating).
 18468 | Snake:1  | Noticed sleeves's ghost (adept BaSu)
 18471 | Snake:1  | 18471 ||| Stepping ~*~*~tactically~*~*~ (outnumbered).
 18544 | Snake:1  | 18544 ||| FLEEEEING.
 18605 | Snake:1  | Identified the +3 leather armour of the Moon {rElec Str-2
                  | Int+7}
 18614 | Snake:1  | 18614 ||| Stepping ~*~*~tactically~*~*~ (outnumbered).
 18618 | Snake:1  | Found a transporter.
 18659 | Snake:1  | 18659 ||| INVOKING Heroism.
 18684 | Snake:1  | Reached skill level 9 in Armour
 18715 | Snake:1  | 18715 ||| FLEEEEING.
 18763 | Snake:1  | Reached ****** piety under Okawaru
 19127 | Snake:1  | 19127 ||| DROPPING +3 leather armour of the Moon {rElec
                  | Str-2 Int+7}.
 19318 | Snake:2  | 19318 ||| INVOKING Heroism.
 19320 | Snake:2  | 19320 ||| Stepping ~*~*~tactically~*~*~ (outnumbered).
 19323 | Snake:2  | 19323 ||| Stepping ~*~*~tactically~*~*~ (outnumbered).
 19334 | Snake:2  | 19334 ||| RETREATING.
 19339 | Snake:2  | Received a gift from Okawaru
 19367 | Snake:2  | Found Ysenac's Antique Armour Shoppe.
 19378 | Snake:2  | 19378 ||| BUYING buzzing cloak (408 gold).
 19378 | Snake:2  | Bought a buzzing cloak for 408 gold pieces
 19378 | Snake:2  | Identified the +2 cloak of the Several Heavens {Str+2
                  | Slay+2} (You bought it in a shop on level 2 of the Snake
                  | Pit)
 19378 | Snake:2  | 19378 ||| SHOPLISTING embroidered hat (301 gold, have 153).
 19378 | Snake:2  | 19378 ||| SHOPLISTING pair of embroidered boots (322 gold,
                  | have 153).
 19391 | Snake:2  | 19391 ||| RETREATING.
 19392 | Snake:2  | 19392 ||| Stepping ~*~*~tactically~*~*~ (outnumbered).
 19394 | Snake:2  | 19394 ||| Stepping ~*~*~tactically~*~*~ (outnumbered).
 19398 | Snake:2  | 19398 ||| RETREATING.
 19399 | Snake:2  | 19399 ||| Stepping ~*~*~tactically~*~*~ (retreating).
 19401 | Snake:2  | 19401 ||| Stepping ~*~*~tactically~*~*~ (retreating).
 19403 | Snake:2  | Reached skill level 15 in Fighting
 19403 | Snake:2  | 19403 ||| INVOKING Heroism.
 19596 | Snake:2  | 19596 ||| Stepping ~*~*~tactically~*~*~ (outnumbered).
 19599 | Snake:2  | 19599 ||| RETREATING.
 19606 | Snake:2  | 19606 ||| INVOKING Heroism.
 19608 | Snake:2  | Reached XP level 17. HP: 64/113 MP: 21/24
 19610 | Snake:2  | 19610 ||| Stepping ~*~*~tactically~*~*~ (retreating).
 19611 | Snake:2  | 19611 ||| Stepping ~*~*~tactically~*~*~ (retreating).
 19618 | Snake:2  | 19618 ||| Stepping ~*~*~tactically~*~*~ (retreating).
 19619 | Snake:2  | 19619 ||| Stepping ~*~*~tactically~*~*~ (retreating).
 19621 | Snake:2  | 19621 ||| Stepping ~*~*~tactically~*~*~ (retreating).
 19622 | Snake:2  | 19622 ||| Stepping ~*~*~tactically~*~*~ (retreating).
 19719 | Snake:2  | 19719 ||| Stepping ~*~*~tactically~*~*~ (retreating).
 19806 | Snake:2  | 19806 ||| Stepping ~*~*~tactically~*~*~ (outnumbered).
 19810 | Snake:2  | 19810 ||| INVOKING Heroism.
 19836 | Snake:2  | Noticed Aizul
 19837 | Snake:2  | 19837 ||| INVOKING Finesse.
 19838 | Snake:2  | 19838 ||| INVOKING Heroism.
 19846 | Snake:2  | Killed Aizul
 19846 | Snake:2  | Received a gift from Okawaru
 19882 | Snake:2  | 19882 ||| DROPPING +1 triple crossbow of electrocution.
 20208 | Snake:2  | 20208 ||| DROPPING +0 cloak.
 20209 | Snake:2  | 20209 ||| UPGRADING to +2 cloak of the Several Heavens
                  | {Str+2 Slay+2}.
 20219 | Snake:2  | 20219 ||| DROPPING scarf of repulsion.
 20276 | Snake:3  | Noticed Mlioglotl
 20277 | Snake:3  | 20277 ||| INVOKING Heroism.
 20278 | Snake:3  | 20278 ||| INVOKING Finesse.
 20289 | Snake:3  | Killed Mlioglotl
 20351 | Snake:3  | 20351 ||| Stepping ~*~*~tactically~*~*~ (outnumbered).
 20352 | Snake:3  | 20352 ||| Stepping ~*~*~tactically~*~*~ (outnumbered).
 20357 | Snake:3  | 20357 ||| Stepping ~*~*~tactically~*~*~ (outnumbered).
 20358 | Snake:3  | 20358 ||| Stepping ~*~*~tactically~*~*~ (outnumbered).
 20359 | Snake:3  | 20359 ||| Stepping ~*~*~tactically~*~*~ (outnumbered).
 20361 | Snake:3  | 20361 ||| Stepping ~*~*~tactically~*~*~ (outnumbered).
 20370 | Snake:3  | 20370 ||| Stepping ~*~*~tactically~*~*~ (outnumbered).
 20471 | Snake:3  | 20471 ||| Stepping ~*~*~tactically~*~*~ (outnumbered).
 20475 | Snake:3  | 20475 ||| RETREATING.
 20486 | Snake:3  | 20486 ||| Stepping ~*~*~tactically~*~*~ (outnumbered).
 20513 | Snake:3  | 20513 ||| Stepping ~*~*~tactically~*~*~ (outnumbered).
 20644 | Snake:3  | 20644 ||| INVOKING Heroism.
 20650 | Snake:3  | 20650 ||| Stepping ~*~*~tactically~*~*~ (outnumbered).
 20652 | Snake:3  | 20652 ||| Stepping ~*~*~tactically~*~*~ (outnumbered).
 20755 | Snake:3  | 20755 ||| INVOKING Heroism.
 20944 | Snake:3  | 20944 ||| PLANNING SWAMP:1-3
 21098 | Swamp:1  | Entered Level 1 of the Swamp
 21099 | Swamp:1  | 21099 ||| Stepping ~*~*~tactically~*~*~ (retreating).
 21100 | Swamp:1  | 21100 ||| Stepping ~*~*~tactically~*~*~ (retreating).
 21101 | Swamp:1  | 21101 ||| INVOKING Heroism.
 21217 | Swamp:1  | Received a gift from Okawaru
 21245 | Swamp:1  | 21245 ||| INVOKING Heroism.
 21260 | Swamp:1  | 21260 ||| RETREATING.
 21442 | Swamp:1  | 21442 ||| INVOKING Heroism.
 21445 | Swamp:1  | Reached skill level 16 in Fighting
 21521 | Swamp:1  | 21521 ||| Stepping ~*~*~tactically~*~*~ (outnumbered).
 21523 | Swamp:1  | 21523 ||| Stepping ~*~*~tactically~*~*~ (outnumbered).
 21605 | Swamp:1  | 21605 ||| INVOKING Heroism.
 21988 | Swamp:2  | 21988 ||| INVOKING Heroism.
 21992 | Swamp:2  | 21992 ||| RETREATING.
 21995 | Swamp:2  | 21995 ||| Stepping ~*~*~tactically~*~*~ (retreating).
 22014 | Swamp:2  | 22014 ||| INVOKING Heroism.
 22098 | Swamp:2  | Noticed Nikola
 22099 | Swamp:2  | 22099 ||| RETREATING.
 22101 | Swamp:2  | 22101 ||| INVOKING Heroism.
 22103 | Swamp:2  | 22103 ||| INVOKING Finesse.
 22115 | Swamp:2  | Killed Nikola
 22115 | Swamp:2  | Received a gift from Okawaru
 22223 | Swamp:2  | Noticed Frances
 22224 | Swamp:2  | 22224 ||| RETREATING.
 22236 | Swamp:2  | 22236 ||| INVOKING Heroism.
 22237 | Swamp:2  | 22237 ||| INVOKING Finesse.
 22243 | Swamp:2  | Killed Frances
 22301 | Swamp:2  | 22301 ||| RETREATING.
 22313 | Swamp:2  | Noticed Kirke
 22348 | Swamp:2  | Killed Kirke
 22492 | Swamp:2  | 22492 ||| UPGRADING to +1 pair of gloves of dexterity.
 22502 | Swamp:2  | 22502 ||| DROPPING +2 pair of gloves.
 22515 | Swamp:3  | 22515 ||| STAIRDANCE
 22519 | Swamp:3  | 22519 ||| STAIRDANCE
 22530 | Swamp:3  | 22530 ||| INVOKING Heroism.
 22585 | Swamp:3  | 22585 ||| INVOKING Heroism.
 22585 | Swamp:3  | Noticed a tentacled monstrosity
 22586 | Swamp:3  | 22586 ||| INVOKING Finesse.
 22599 | Swamp:3  | Killed a tentacled monstrosity
 22600 | Swamp:3  | Reached XP level 18. HP: 122/122 MP: 18/25
 22756 | Swamp:3  | 22756 ||| INVOKING Heroism.
 22759 | Swamp:3  | 22759 ||| Stepping ~*~*~tactically~*~*~ (outnumbered).
 23074 | Swamp:3  | 23074 ||| PLANNING SNAKE:4
 23074 | Swamp:3  | 23074 ||| DROPPING amulet of the acrobat.
 23145 | Swamp:1  | Reached skill level 12 in Dodging
 23275 | Snake:4  | Entered Level 4 of the Snake Pit
 23280 | Snake:4  | 23280 ||| Stepping ~*~*~tactically~*~*~ (outnumbered).
 23283 | Snake:4  | 23283 ||| Stepping ~*~*~tactically~*~*~ (outnumbered).
 23287 | Snake:4  | 23287 ||| RETREATING.
 23288 | Snake:4  | 23288 ||| Stepping ~*~*~tactically~*~*~ (retreating).
 23289 | Snake:4  | 23289 ||| Stepping ~*~*~tactically~*~*~ (retreating).
 23324 | Snake:4  | 23324 ||| Stepping ~*~*~tactically~*~*~ (outnumbered).
 23328 | Snake:4  | 23328 ||| RETREATING.
 23333 | Snake:4  | 23333 ||| Stepping ~*~*~tactically~*~*~ (retreating).
 23334 | Snake:4  | 23334 ||| Stepping ~*~*~tactically~*~*~ (retreating).
 23337 | Snake:4  | 23337 ||| Stepping ~*~*~tactically~*~*~ (retreating).
 23341 | Snake:4  | 23341 ||| RETREATING.
 23364 | Snake:4  | 23364 ||| Stepping ~*~*~tactically~*~*~ (retreating).
 23365 | Snake:4  | 23365 ||| RETREATING.
 23366 | Snake:4  | 23366 ||| Stepping ~*~*~tactically~*~*~ (outnumbered).
 23391 | Snake:4  | Found Wodalaid's Book Shoppe.
 23397 | Snake:4  | 23397 ||| INVOKING Heroism.
 23404 | Snake:4  | Reached skill level 17 in Fighting
 23419 | Snake:4  | Received a gift from Okawaru
 23545 | Snake:4  | 23545 ||| RETREATING.
 23549 | Snake:4  | 23549 ||| INVOKING Heroism.
 23553 | Snake:4  | 23553 ||| Stepping ~*~*~tactically~*~*~ (retreating).
 23555 | Snake:4  | 23555 ||| Stepping ~*~*~tactically~*~*~ (retreating).
 23560 | Snake:4  | 23560 ||| Stepping ~*~*~tactically~*~*~ (retreating).
 23563 | Snake:4  | 23563 ||| Stepping ~*~*~tactically~*~*~ (retreating).
 23566 | Snake:4  | 23566 ||| Stepping ~*~*~tactically~*~*~ (outnumbered).
 23567 | Snake:4  | 23567 ||| RETREATING.
 23573 | Snake:4  | 23573 ||| Stepping ~*~*~tactically~*~*~ (retreating).
 23583 | Snake:4  | 23583 ||| Stepping ~*~*~tactically~*~*~ (outnumbered).
 23584 | Snake:4  | 23584 ||| Stepping ~*~*~tactically~*~*~ (retreating).
 23585 | Snake:4  | 23585 ||| INVOKING Heroism.
 23587 | Snake:4  | 23587 ||| Stepping ~*~*~tactically~*~*~ (outnumbered).
 23588 | Snake:4  | 23588 ||| Stepping ~*~*~tactically~*~*~ (outnumbered).
 23620 | Snake:4  | 23620 ||| Stepping ~*~*~tactically~*~*~ (retreating).
 23621 | Snake:4  | 23621 ||| Stepping ~*~*~tactically~*~*~ (outnumbered).
 23653 | Snake:4  | 23653 ||| INVOKING Heroism.
 23653 | Snake:4  | HP: 30/124 [naga sharpshooter/arrow (13)]
 23654 | Snake:4  | 23654 ||| READING 4 scrolls of teleportation.
 23655 | Snake:4  | 23655 ||| DRINKING 3 potions of heal wounds.
 23662 | Snake:4  | 23662 ||| Stepping ~*~*~tactically~*~*~ (outnumbered).
 23663 | Snake:4  | 23663 ||| Stepping ~*~*~tactically~*~*~ (outnumbered).
 23664 | Snake:4  | 23664 ||| RETREATING.
 23666 | Snake:4  | 23666 ||| Stepping ~*~*~tactically~*~*~ (outnumbered).
 23667 | Snake:4  | 23667 ||| Stepping ~*~*~tactically~*~*~ (retreating).
 23668 | Snake:4  | 23668 ||| Stepping ~*~*~tactically~*~*~ (outnumbered).
 23673 | Snake:4  | 23673 ||| Stepping ~*~*~tactically~*~*~ (outnumbered).
 23678 | Snake:4  | 23678 ||| Stepping ~*~*~tactically~*~*~ (outnumbered).
 23682 | Snake:4  | 23682 ||| Stepping ~*~*~tactically~*~*~ (outnumbered).
 23764 | Snake:4  | 23764 ||| INVOKING Heroism.
 23789 | Snake:4  | 23789 ||| READING scroll of acquirement.
 23789 | Snake:4  | 23789 ||| ACQUIRING amulet "Zunaacis" {Faith SInv}
 23789 | Snake:4  | Acquired the amulet "Zunaacis" {Faith SInv}
 23796 | Snake:4  | 23796 ||| INVOKING Heroism.
 23810 | Snake:4  | Reached skill level 18 in Fighting
 23824 | Snake:4  | Got a serpentine rune of Zot
 23917 | Snake:4  | 23917 ||| Stepping ~*~*~tactically~*~*~ (outnumbered).
 24118 | Snake:4  | 24118 ||| RETREATING.
 24126 | Snake:4  | 24126 ||| INVOKING Heroism.
 24129 | Snake:4  | 24129 ||| Stepping ~*~*~tactically~*~*~ (retreating).
 24130 | Snake:4  | 24130 ||| Stepping ~*~*~tactically~*~*~ (retreating).
 24131 | Snake:4  | 24131 ||| Stepping ~*~*~tactically~*~*~ (retreating).
 24132 | Snake:4  | 24132 ||| Stepping ~*~*~tactically~*~*~ (retreating).
 24133 | Snake:4  | 24133 ||| Stepping ~*~*~tactically~*~*~ (retreating).
 24134 | Snake:4  | 24134 ||| Stepping ~*~*~tactically~*~*~ (retreating).
 24135 | Snake:4  | 24135 ||| Stepping ~*~*~tactically~*~*~ (retreating).
 24137 | Snake:4  | HP: 31/125 [salamander/+3 halberd (2)]
 24138 | Snake:4  | 24138 ||| READING 3 scrolls of teleportation.
 24139 | Snake:4  | 24139 ||| DRINKING 3 potions of heal wounds.
 24319 | Snake:4  | 24319 ||| Stepping ~*~*~tactically~*~*~ (outnumbered).
 24586 | Snake:4  | 24586 ||| Stepping ~*~*~tactically~*~*~ (outnumbered).
 24588 | Snake:4  | 24588 ||| Stepping ~*~*~tactically~*~*~ (outnumbered).
 24590 | Snake:4  | 24590 ||| Stepping ~*~*~tactically~*~*~ (outnumbered).
 24592 | Snake:4  | 24592 ||| RETREATING.
 24695 | Snake:4  | 24695 ||| INVOKING Heroism.
 24698 | Snake:4  | Received a gift from Okawaru
 24719 | Snake:4  | 24719 ||| PLANNING VAULTS:1-4
 24719 | Snake:4  | 24719 ||| DROPPING +2 ring mail of poison resistance.
 24987 | Vaults:1 | Entered Level 1 of the Vaults
 25000 | Vaults:1 | 25000 ||| INVOKING Heroism.
 25001 | Vaults:1 | 25001 ||| INVOKING Finesse.
 25103 | Vaults:1 | 25103 ||| RETREATING.
 25110 | Vaults:1 | 25110 ||| FLEEEEING.
 25111 | Vaults:1 | 25111 ||| FLEEEEING.
 25119 | Vaults:1 | 25119 ||| FLEEEEING.
 25120 | Vaults:1 | 25120 ||| FLEEEEING.
 25121 | Vaults:1 | 25121 ||| FLEEEEING.
 25130 | Vaults:1 | 25130 ||| FLEEEEING.
 25131 | Vaults:1 | 25131 ||| FLEEEEING.
 25132 | Vaults:1 | 25132 ||| FLEEEEING.
 25133 | Vaults:1 | 25133 ||| FLEEEEING.
 25134 | Vaults:1 | 25134 ||| FLEEEEING.
 25135 | Vaults:1 | 25135 ||| FLEEEEING.
 25136 | Vaults:1 | 25136 ||| FLEEEEING.
 25137 | Vaults:1 | 25137 ||| FLEEEEING.
 25138 | Vaults:1 | 25138 ||| FLEEEEING.
 25139 | Vaults:1 | 25139 ||| FLEEEEING.
 25140 | Vaults:1 | 25140 ||| FLEEEEING.
 25141 | Vaults:1 | 25141 ||| FLEEEEING.
 25142 | Vaults:1 | 25142 ||| FLEEEEING.
 25143 | Vaults:1 | 25143 ||| FLEEEEING.
 25144 | Vaults:1 | 25144 ||| FLEEEEING.
 25145 | Vaults:1 | 25145 ||| FLEEEEING.
 25146 | Vaults:1 | 25146 ||| FLEEEEING.
 25147 | Vaults:1 | 25147 ||| FLEEEEING.
 25148 | Vaults:1 | 25148 ||| FLEEEEING.
 25149 | Vaults:1 | 25149 ||| FLEEEEING.
 25150 | Vaults:1 | 25150 ||| FLEEEEING.
 25151 | Vaults:1 | 25151 ||| FLEEEEING.
 25153 | Vaults:1 | 25153 ||| FLEEEEING.
 25154 | Vaults:1 | 25154 ||| STAIRDANCE
 25159 | D:13     | 25159 ||| FLEEEEING.
 25160 | D:13     | 25160 ||| FLEEEEING.
 25161 | D:13     | 25161 ||| FLEEEEING.
 25162 | D:13     | 25162 ||| FLEEEEING.
 25163 | D:13     | 25163 ||| FLEEEEING.
 25164 | D:13     | 25164 ||| FLEEEEING.
 25165 | D:13     | 25165 ||| STAIRDANCE
 25270 | D:13     | 25270 ||| STAIRDANCE
 25297 | Vaults:1 | 25297 ||| STAIRDANCE
 25322 | Vaults:1 | 25322 ||| STAIRDANCE
 25347 | Vaults:1 | 25347 ||| FLEEEEING.
 25348 | Vaults:1 | 25348 ||| STAIRDANCE
 25350 | D:13     | 25350 ||| FLEEEEING.
 25359 | D:13     | 25359 ||| STAIRDANCE
 25471 | Vaults:1 | 25471 ||| STAIRDANCE
 25506 | Vaults:1 | 25506 ||| Stepping ~*~*~tactically~*~*~ (retreating).
 25507 | Vaults:1 | 25507 ||| Stepping ~*~*~tactically~*~*~ (retreating).
 25508 | Vaults:1 | 25508 ||| Stepping ~*~*~tactically~*~*~ (retreating).
 25509 | Vaults:1 | 25509 ||| Stepping ~*~*~tactically~*~*~ (retreating).
 25510 | Vaults:1 | 25510 ||| Stepping ~*~*~tactically~*~*~ (retreating).
 25511 | Vaults:1 | 25511 ||| Stepping ~*~*~tactically~*~*~ (retreating).
 25512 | Vaults:1 | 25512 ||| Stepping ~*~*~tactically~*~*~ (retreating).
 25513 | Vaults:1 | 25513 ||| Stepping ~*~*~tactically~*~*~ (retreating).
 25514 | Vaults:1 | 25514 ||| Stepping ~*~*~tactically~*~*~ (retreating).
 25516 | Vaults:1 | Reached XP level 19. HP: 127/130 MP: 26/26
 25553 | Vaults:1 | 25553 ||| INVOKING Heroism.
 25554 | Vaults:1 | 25554 ||| INVOKING Finesse.
 25556 | Vaults:1 | Reached skill level 12 in Armour
 25638 | Vaults:1 | 25638 ||| INVOKING Heroism.
 25639 | Vaults:1 | 25639 ||| INVOKING Finesse.
 25815 | Vaults:1 | 25815 ||| INVOKING Heroism.
 26016 | Vaults:1 | 26016 ||| INVOKING Heroism.
 26101 | Vaults:1 | 26101 ||| Stepping ~*~*~tactically~*~*~ (outnumbered).
 26103 | Vaults:1 | 26103 ||| Stepping ~*~*~tactically~*~*~ (outnumbered).
 26105 | Vaults:1 | 26105 ||| Stepping ~*~*~tactically~*~*~ (outnumbered).
 26107 | Vaults:1 | 26107 ||| Stepping ~*~*~tactically~*~*~ (outnumbered).
 26109 | Vaults:1 | 26109 ||| Stepping ~*~*~tactically~*~*~ (outnumbered).
 26111 | Vaults:1 | 26111 ||| Stepping ~*~*~tactically~*~*~ (outnumbered).
 26115 | Vaults:1 | 26115 ||| INVOKING Heroism.
 26141 | Vaults:1 | Reached skill level 19 in Fighting
 26479 | Vaults:1 | Found Gefymin's Distillery.
 26487 | Vaults:1 | 26487 ||| BUYING 2 potions of haste (300 gold).
 26487 | Vaults:1 | Bought 2 potions of haste for 300 gold pieces
 26487 | Vaults:1 | 26487 ||| BUYING potion of enlightenment (75 gold).
 26487 | Vaults:1 | Bought a potion of enlightenment for 75 gold pieces
 26487 | Vaults:1 | 26487 ||| BUYING potion of heal wounds (75 gold).
 26487 | Vaults:1 | Bought a potion of heal wounds for 75 gold pieces
 26487 | Vaults:1 | 26487 ||| BUYING potion of might (60 gold).
 26487 | Vaults:1 | Bought a potion of might for 60 gold pieces
 26790 | Vaults:1 | 26790 ||| UPGRADING to +5 ring of evasion.
 26792 | Vaults:1 | 26792 ||| DROPPING +4 ring of protection.
 26793 | Vaults:1 | 26793 ||| READING 2 scrolls labelled JEROUR AREKATO.
 26894 | Vaults:1 | 26894 ||| READING 13 scrolls of identify.
 26894 | Vaults:1 | 26894 ||| IDENTIFYING dark potion
 26895 | Vaults:1 | 26895 ||| DRINKING potion of experience.
 26895 | Vaults:1 | Reached XP level 20. HP: 139/139 MP: 27/27
 26896 | Vaults:1 | 26896 ||| DROPPING scroll of silence.
 26904 | Vaults:2 | 26904 ||| PLANNING WIZLAB
 27025 | Vaults:2 | 27025 ||| INVOKING Heroism.
 27163 | Vaults:2 | Identified the +1 scale mail of Cuheg {Fly SInv}
 27198 | Vaults:2 | 27198 ||| RETREATING.
 27254 | Vaults:2 | Received a gift from Okawaru
 27300 | Vaults:2 | 27300 ||| RETREATING.
 27324 | Vaults:2 | 27324 ||| RETREATING.
 27329 | Vaults:2 | 27329 ||| Stepping ~*~*~tactically~*~*~ (retreating).
 27514 | Vaults:2 | 27514 ||| RETREATING.
 27515 | Vaults:2 | 27515 ||| FLEEEEING.
 27521 | Vaults:2 | 27521 ||| FLEEEEING.
 27545 | Vaults:2 | 27545 ||| Stepping ~*~*~tactically~*~*~ (retreating).
 27554 | Vaults:2 | 27554 ||| FLEEEEING.
 27555 | Vaults:2 | 27555 ||| FLEEEEING.
 27576 | Vaults:2 | 27576 ||| INVOKING Heroism.
 27624 | Vaults:2 | 27624 ||| RIP WIZLAB
 27657 | Vaults:2 | 27657 ||| PLANNING VAULTS:1-4
 27888 | Vaults:2 | 27888 ||| qw: Version: 0.3-a-76-g4403597
 27888 | Vaults:2 | 27888 ||| qw: Game counter: 1
 27888 | Vaults:2 | 27888 ||| qw: Melee chars always use a shield: true
 27888 | Vaults:2 | 27888 ||| qw: Do Orc after clearing Dungeon:15 true
 27888 | Vaults:2 | 27888 ||| qw: Do second Lair branch before Depths: true
 27888 | Vaults:2 | 27888 ||| qw: Lair rune preference: random
 27888 | Vaults:2 | 27888 ||| qw: Goals: Normal
 27888 | Vaults:2 | 27888 ||| PLANNING D:1-11
 27893 | Vaults:2 | Received a gift from Okawaru
 28440 | D:1      | 28440 ||| PLANNING LAIR
 28706 | Lair:5   | 28706 ||| PLANNING D:1-11
 29177 | D:11     | 29177 ||| PLANNING D
 29287 | D:15     | 29287 ||| PLANNING ORC
 29431 | Orc:2    | 29431 ||| PLANNING SNAKE:1-3
 29680 | Snake:3  | 29680 ||| PLANNING SWAMP:1-3
 29844 | Swamp:3  | 29844 ||| PLANNING SNAKE:4
 30022 | Snake:4  | 30022 ||| PLANNING VAULTS:1-4
 30291 | Vaults:2 | Noticed Donald
 30306 | Vaults:2 | 30306 ||| INVOKING Heroism.
 30313 | Vaults:2 | Killed Donald
 30830 | Vaults:2 | 30830 ||| Stepping ~*~*~tactically~*~*~ (outnumbered).
 30832 | Vaults:2 | 30832 ||| Stepping ~*~*~tactically~*~*~ (outnumbered).
 30834 | Vaults:2 | 30834 ||| Stepping ~*~*~tactically~*~*~ (outnumbered).
 30852 | Vaults:2 | 30852 ||| READING scroll of enchant armour.
 30852 | Vaults:2 | 30852 ||| ENCHANTING +1 pair of gloves of dexterity.
 30956 | Vaults:3 | 30956 ||| INVOKING Heroism.
 30983 | Vaults:3 | 30983 ||| INVOKING Heroism.
 31034 | Vaults:3 | 31034 ||| RETREATING.
 31047 | Vaults:3 | 31047 ||| Stepping ~*~*~tactically~*~*~ (retreating).
 31049 | Vaults:3 | 31049 ||| Stepping ~*~*~tactically~*~*~ (retreating).
 31050 | Vaults:3 | 31050 ||| Stepping ~*~*~tactically~*~*~ (retreating).
 31051 | Vaults:3 | 31051 ||| Stepping ~*~*~tactically~*~*~ (retreating).
 31052 | Vaults:3 | 31052 ||| Stepping ~*~*~tactically~*~*~ (retreating).
 31058 | Vaults:3 | Reached skill level 20 in Fighting
 31283 | Vaults:3 | 31283 ||| INVOKING Heroism.
 31287 | Vaults:3 | Noticed Sojobo
 31288 | Vaults:3 | 31288 ||| INVOKING Finesse.
 31338 | Vaults:3 | Paralysed by an air elemental for 1 turns
 31344 | Vaults:3 | Paralysed by an air elemental for 1 turns
 31354 | Vaults:3 | Killed Sojobo
 31511 | Vaults:3 | 31511 ||| RETREATING.
 31517 | Vaults:3 | Reached XP level 21. HP: 139/146 MP: 28/28
 31560 | Vaults:3 | 31560 ||| RETREATING.
 31632 | Vaults:3 | 31632 ||| RETREATING.
 31633 | Vaults:3 | 31633 ||| FLEEEEING.
 31634 | Vaults:3 | 31634 ||| FLEEEEING.
 31635 | Vaults:3 | 31635 ||| FLEEEEING.
 31637 | Vaults:3 | 31637 ||| FLEEEEING.
 31638 | Vaults:3 | 31638 ||| FLEEEEING.
 31639 | Vaults:3 | 31639 ||| FLEEEEING.
 31640 | Vaults:3 | 31640 ||| FLEEEEING.
 31641 | Vaults:3 | 31641 ||| FLEEEEING.
 31642 | Vaults:3 | 31642 ||| FLEEEEING.
 31643 | Vaults:3 | 31643 ||| FLEEEEING.
 31644 | Vaults:3 | 31644 ||| FLEEEEING.
 31645 | Vaults:3 | 31645 ||| FLEEEEING.
 31646 | Vaults:3 | 31646 ||| FLEEEEING.
 31647 | Vaults:3 | 31647 ||| FLEEEEING.
 31648 | Vaults:3 | 31648 ||| FLEEEEING.
 31649 | Vaults:3 | 31649 ||| FLEEEEING.
 31650 | Vaults:3 | 31650 ||| FLEEEEING.
 31651 | Vaults:3 | 31651 ||| FLEEEEING.
 31652 | Vaults:3 | 31652 ||| FLEEEEING.
 31653 | Vaults:3 | 31653 ||| FLEEEEING.
 31656 | Vaults:3 | 31656 ||| FLEEEEING.
 31657 | Vaults:3 | 31657 ||| FLEEEEING.
 31658 | Vaults:3 | 31658 ||| STAIRDANCE
 31762 | Vaults:3 | 31762 ||| STAIRDANCE
 31768 | Vaults:2 | Identified the +0 robe of Philately {Str+3} (Okawaru gifted
                  | it to you on level 2 of the Vaults)
 31768 | Vaults:2 | Received a gift from Okawaru
 31816 | Vaults:3 | Reached skill level 15 in Dodging
 32210 | Vaults:3 | 32210 ||| Stepping ~*~*~tactically~*~*~ (outnumbered).
 32211 | Vaults:3 | 32211 ||| Stepping ~*~*~tactically~*~*~ (retreating).
 32219 | Vaults:3 | 32219 ||| INVOKING Heroism.
 32227 | Vaults:3 | 32227 ||| Stepping ~*~*~tactically~*~*~ (retreating).
 32270 | Vaults:3 | 32270 ||| FLEEEEING.
 32271 | Vaults:3 | 32271 ||| FLEEEEING.
 32277 | Vaults:3 | 32277 ||| FLEEEEING.
 32278 | Vaults:3 | 32278 ||| FLEEEEING.
 32281 | Vaults:3 | 32281 ||| FLEEEEING.
 32282 | Vaults:3 | 32282 ||| FLEEEEING.
 32283 | Vaults:3 | 32283 ||| FLEEEEING.
 32284 | Vaults:3 | 32284 ||| FLEEEEING.
 32285 | Vaults:3 | 32285 ||| FLEEEEING.
 32286 | Vaults:3 | 32286 ||| FLEEEEING.
 32287 | Vaults:3 | 32287 ||| FLEEEEING.
 32288 | Vaults:3 | 32288 ||| FLEEEEING.
 32441 | Vaults:3 | Found a staircase to the Crypt.
 32520 | Vaults:3 | 32520 ||| DROPPING amulet of magic regeneration.
 32527 | Vaults:4 | 32527 ||| STAIRDANCE
 32535 | Vaults:4 | 32535 ||| STAIRDANCE
 32562 | Vaults:4 | 32562 ||| Stepping ~*~*~tactically~*~*~ (outnumbered).
 32563 | Vaults:4 | 32563 ||| DRINKING 7 potions of curing.
 32563 | Vaults:4 | 32563 ||| (to cure confusion)
 32564 | Vaults:4 | 32564 ||| Stepping ~*~*~tactically~*~*~ (outnumbered).
 32571 | Vaults:4 | 32571 ||| DRINKING 6 potions of curing.
 32571 | Vaults:4 | 32571 ||| (to cure confusion)
 32576 | Vaults:4 | 32576 ||| Stepping ~*~*~tactically~*~*~ (retreating).
 32578 | Vaults:4 | 32578 ||| RETREATING.
 32581 | Vaults:4 | 32581 ||| INVOKING Heroism.
 32589 | Vaults:4 | 32589 ||| Stepping ~*~*~tactically~*~*~ (outnumbered).
 32590 | Vaults:4 | 32590 ||| FLEEEEING.
 32674 | Vaults:4 | Paralysed by a great orb of eyes for 3 turns
 32905 | Vaults:4 | Found a transporter.
 32907 | Vaults:4 | Found a transporter.
 32922 | Vaults:4 | Found a transporter.
 32939 | Vaults:4 | Found a transporter.
 32939 | Vaults:4 | Found a transporter.
 32978 | Vaults:4 | 32978 ||| INVOKING Heroism.
 32979 | Vaults:4 | 32979 ||| INVOKING Finesse.
 32984 | Vaults:4 | Reached skill level 21 in Fighting
 33140 | Vaults:4 | 33140 ||| RETREATING.
 33148 | Vaults:4 | 33148 ||| INVOKING Heroism.
 33154 | Vaults:4 | 33154 ||| Stepping ~*~*~tactically~*~*~ (retreating).
 33158 | Vaults:4 | 33158 ||| Stepping ~*~*~tactically~*~*~ (retreating).
 33160 | Vaults:4 | 33160 ||| Stepping ~*~*~tactically~*~*~ (retreating).
 33163 | Vaults:4 | 33163 ||| Stepping ~*~*~tactically~*~*~ (retreating).
 33165 | Vaults:4 | 33165 ||| Stepping ~*~*~tactically~*~*~ (retreating).
 33166 | Vaults:4 | 33166 ||| Stepping ~*~*~tactically~*~*~ (retreating).
 33275 | Vaults:4 | 33275 ||| Stepping ~*~*~tactically~*~*~ (outnumbered).
 33277 | Vaults:4 | 33277 ||| Stepping ~*~*~tactically~*~*~ (outnumbered).
 33281 | Vaults:4 | 33281 ||| Stepping ~*~*~tactically~*~*~ (outnumbered).
 33283 | Vaults:4 | 33283 ||| Stepping ~*~*~tactically~*~*~ (outnumbered).
 33284 | Vaults:4 | 33284 ||| Stepping ~*~*~tactically~*~*~ (outnumbered).
 33285 | Vaults:4 | 33285 ||| Stepping ~*~*~tactically~*~*~ (outnumbered).
 33286 | Vaults:4 | 33286 ||| Stepping ~*~*~tactically~*~*~ (outnumbered).
 33305 | Vaults:4 | 33305 ||| Stepping ~*~*~tactically~*~*~ (outnumbered).
 33560 | Vaults:4 | Paralysed by a sphinx for 5 turns
 33566 | Vaults:4 | 33566 ||| DRINKING 6 potions of curing.
 33566 | Vaults:4 | 33566 ||| (to cure confusion)
 33789 | Vaults:4 | Identified the +6 long sword "Ograj" {holy, rPois rC+
                  | rCorr}
 33827 | Vaults:4 | 33827 ||| FLEEEEING.
 33828 | Vaults:4 | 33828 ||| FLEEEEING.
 33829 | Vaults:4 | 33829 ||| FLEEEEING.
 33830 | Vaults:4 | 33830 ||| FLEEEEING.
 33831 | Vaults:4 | 33831 ||| FLEEEEING.
 33832 | Vaults:4 | 33832 ||| FLEEEEING.
 33836 | Vaults:4 | 33836 ||| FLEEEEING.
 33837 | Vaults:4 | 33837 ||| FLEEEEING.
 33838 | Vaults:4 | 33838 ||| FLEEEEING.
 33839 | Vaults:4 | 33839 ||| FLEEEEING.
 33846 | Vaults:4 | 33846 ||| FLEEEEING.
 33847 | Vaults:4 | 33847 ||| FLEEEEING.
 33848 | Vaults:4 | 33848 ||| FLEEEEING.
 33849 | Vaults:4 | 33849 ||| FLEEEEING.
 33850 | Vaults:4 | 33850 ||| FLEEEEING.
 33851 | Vaults:4 | 33851 ||| FLEEEEING.
 33858 | Vaults:4 | 33858 ||| FLEEEEING.
 33859 | Vaults:4 | 33859 ||| FLEEEEING.
 33860 | Vaults:4 | 33860 ||| FLEEEEING.
 33862 | Vaults:4 | 33862 ||| STAIRDANCE
 34064 | Vaults:3 | 34064 ||| DROPPING +3 ring mail.
 34266 | Vaults:4 | 34266 ||| PLANNING SWAMP:4
 34266 | Vaults:4 | 34266 ||| DROPPING ring of fire.
 34588 | Swamp:4  | Entered Level 4 of the Swamp
 34744 | Swamp:4  | Identified the +3 arbalest of the Stork {flame, Fragile
                  | rPois Dex+6} (Okawaru gifted it to you on level 4 of the
                  | Swamp)
 34744 | Swamp:4  | Received a gift from Okawaru
 34749 | Swamp:4  | 34749 ||| Stepping ~*~*~tactically~*~*~ (outnumbered).
 34751 | Swamp:4  | 34751 ||| Stepping ~*~*~tactically~*~*~ (retreating).
 34752 | Swamp:4  | 34752 ||| Stepping ~*~*~tactically~*~*~ (retreating).
 34753 | Swamp:4  | 34753 ||| Stepping ~*~*~tactically~*~*~ (retreating).
 34754 | Swamp:4  | 34754 ||| Stepping ~*~*~tactically~*~*~ (retreating).
 35036 | Swamp:4  | 35036 ||| Stepping ~*~*~tactically~*~*~ (retreating).
 35092 | Swamp:4  | 35092 ||| Stepping ~*~*~tactically~*~*~ (retreating).
 35093 | Swamp:4  | 35093 ||| Stepping ~*~*~tactically~*~*~ (retreating).
 35094 | Swamp:4  | 35094 ||| Stepping ~*~*~tactically~*~*~ (retreating).
 35095 | Swamp:4  | 35095 ||| Stepping ~*~*~tactically~*~*~ (retreating).
 35096 | Swamp:4  | 35096 ||| Stepping ~*~*~tactically~*~*~ (retreating).
 35164 | Swamp:4  | 35164 ||| FLEEEEING.
 35165 | Swamp:4  | 35165 ||| FLEEEEING.
 35166 | Swamp:4  | 35166 ||| FLEEEEING.
 35167 | Swamp:4  | 35167 ||| FLEEEEING.
 35168 | Swamp:4  | 35168 ||| FLEEEEING.
 35169 | Swamp:4  | 35169 ||| FLEEEEING.
 35170 | Swamp:4  | 35170 ||| FLEEEEING.
 35171 | Swamp:4  | 35171 ||| FLEEEEING.
 35191 | Swamp:4  | Noticed a bone dragon
 35192 | Swamp:4  | 35192 ||| Stepping ~*~*~tactically~*~*~ (retreating).
 35193 | Swamp:4  | 35193 ||| Stepping ~*~*~tactically~*~*~ (retreating).
 35194 | Swamp:4  | 35194 ||| Stepping ~*~*~tactically~*~*~ (retreating).
 35200 | Swamp:4  | 35200 ||| RETREATING.
 35281 | Swamp:4  | Killed a bone dragon
 35304 | Swamp:4  | Identified the +4 mace "Imaf" {venom, rF+++ Will- Int-5
                  | Stlth+}
 35344 | Swamp:4  | Got a decaying rune of Zot
 35345 | Swamp:4  | 35345 ||| PLANNING DEPTHS
 35659 | Depths:1 | Entered Level 1 of the Depths
 35678 | Depths:1 | 35678 ||| READING scroll of acquirement.
 35678 | Depths:1 | 35678 ||| ACQUIRING 831 gold pieces
 35678 | Depths:1 | Acquired 831 gold pieces
 35700 | Depths:1 | Found a gateway to Hell.
 35732 | Depths:1 | Found a glowing golden altar of the Shining One.
 35851 | Depths:1 | Found a one-way gateway to a ziggurat.
 35978 | Depths:1 | 35978 ||| RETREATING.
 36010 | Depths:1 | 36010 ||| Stepping ~*~*~tactically~*~*~ (retreating).
 36025 | Depths:1 | 36025 ||| FLEEEEING.
 36026 | Depths:1 | 36026 ||| FLEEEEING.
 36027 | Depths:1 | 36027 ||| FLEEEEING.
 36028 | Depths:1 | 36028 ||| FLEEEEING.
 36029 | Depths:1 | 36029 ||| FLEEEEING.
 36030 | Depths:1 | 36030 ||| FLEEEEING.
 36031 | Depths:1 | 36031 ||| FLEEEEING.
 36032 | Depths:1 | 36032 ||| FLEEEEING.
 36033 | Depths:1 | 36033 ||| FLEEEEING.
 36101 | Depths:1 | Found a portal to a secret trove of treasure.
 36162 | Depths:1 | 36162 ||| INVOKING Heroism.
 36163 | Depths:1 | 36163 ||| INVOKING Finesse.
 36240 | Depths:1 | 36240 ||| INVOKING Heroism.
 36241 | Depths:1 | 36241 ||| INVOKING Finesse.
 36244 | Depths:1 | Reached XP level 22. HP: 156/156 MP: 21/29
 36289 | Depths:1 | Found a broken altar of Ashenzari.
 36450 | Depths:1 | 36450 ||| RETREATING.
 36488 | Depths:1 | Received a gift from Okawaru
 36549 | Depths:1 | 36549 ||| INVOKING Finesse.
 36550 | Depths:1 | 36550 ||| Stepping ~*~*~tactically~*~*~ (retreating).
 36551 | Depths:1 | 36551 ||| Stepping ~*~*~tactically~*~*~ (retreating).
 36552 | Depths:1 | 36552 ||| Stepping ~*~*~tactically~*~*~ (retreating).
 36553 | Depths:1 | 36553 ||| Stepping ~*~*~tactically~*~*~ (retreating).
 36554 | Depths:1 | 36554 ||| RETREATING.
 36555 | Depths:1 | 36555 ||| Stepping ~*~*~tactically~*~*~ (retreating).
 36556 | Depths:1 | 36556 ||| Stepping ~*~*~tactically~*~*~ (retreating).
 36558 | Depths:1 | 36558 ||| Stepping ~*~*~tactically~*~*~ (retreating).
 36559 | Depths:1 | 36559 ||| Stepping ~*~*~tactically~*~*~ (retreating).
 36560 | Depths:1 | 36560 ||| Stepping ~*~*~tactically~*~*~ (retreating).
 36561 | Depths:1 | 36561 ||| Stepping ~*~*~tactically~*~*~ (retreating).
 36562 | Depths:1 | 36562 ||| Stepping ~*~*~tactically~*~*~ (retreating).
 36569 | Depths:1 | 36569 ||| Stepping ~*~*~tactically~*~*~ (retreating).
 36570 | Depths:1 | 36570 ||| Stepping ~*~*~tactically~*~*~ (retreating).
 36571 | Depths:1 | 36571 ||| Stepping ~*~*~tactically~*~*~ (retreating).
 36572 | Depths:1 | 36572 ||| Stepping ~*~*~tactically~*~*~ (retreating).
 36573 | Depths:1 | 36573 ||| Stepping ~*~*~tactically~*~*~ (retreating).
 36574 | Depths:1 | 36574 ||| Stepping ~*~*~tactically~*~*~ (retreating).
 36577 | Depths:1 | 36577 ||| Stepping ~*~*~tactically~*~*~ (retreating).
 36578 | Depths:1 | 36578 ||| Stepping ~*~*~tactically~*~*~ (retreating).
 36579 | Depths:1 | 36579 ||| Stepping ~*~*~tactically~*~*~ (retreating).
 36580 | Depths:1 | 36580 ||| Stepping ~*~*~tactically~*~*~ (retreating).
 36581 | Depths:1 | 36581 ||| Stepping ~*~*~tactically~*~*~ (retreating).
 36582 | Depths:1 | 36582 ||| Stepping ~*~*~tactically~*~*~ (retreating).
 36583 | Depths:1 | 36583 ||| Stepping ~*~*~tactically~*~*~ (retreating).
 36584 | Depths:1 | 36584 ||| Stepping ~*~*~tactically~*~*~ (retreating).
 36585 | Depths:1 | 36585 ||| Stepping ~*~*~tactically~*~*~ (retreating).
 36586 | Depths:1 | 36586 ||| Stepping ~*~*~tactically~*~*~ (retreating).
 36602 | Depths:1 | Reached skill level 22 in Fighting
 36607 | Depths:1 | 36607 ||| INVOKING Finesse.
 36721 | Depths:1 | 36721 ||| INVOKING Heroism.
 36819 | Depths:1 | Paralysed by a vampire knight for 2 turns
 36916 | Depths:1 | 36916 ||| FLEEEEING.
 37084 | Depths:2 | 37084 ||| STAIRDANCE
 37092 | Depths:2 | 37092 ||| STAIRDANCE
 37120 | Depths:2 | 37120 ||| STAIRDANCE
 37159 | Depths:2 | 37159 ||| Stepping ~*~*~tactically~*~*~ (retreating).
 37160 | Depths:2 | 37160 ||| Stepping ~*~*~tactically~*~*~ (retreating).
 37161 | Depths:2 | 37161 ||| Stepping ~*~*~tactically~*~*~ (retreating).
 37162 | Depths:2 | 37162 ||| Stepping ~*~*~tactically~*~*~ (retreating).
 37163 | Depths:2 | 37163 ||| Stepping ~*~*~tactically~*~*~ (retreating).
 37185 | Depths:2 | 37185 ||| PLANNING DEPTHS
 37203 | Depths:2 | 37203 ||| Stepping ~*~*~tactically~*~*~ (retreating).
 37231 | Depths:2 | Paralysed by a sphinx for 4 turns
 37288 | Depths:2 | Found a one-way gate leading to the halls of Pandemonium.
 37328 | Depths:2 | 37328 ||| Stepping ~*~*~tactically~*~*~ (retreating).
 37332 | Depths:2 | 37332 ||| INVOKING Heroism.
 37355 | Depths:2 | 37355 ||| INVOKING Finesse.
 37365 | Depths:2 | Identified the +1 pair of gloves "Wilie" {Harm rPois rF-
                  | Slay+2} (Okawaru gifted it to you on level 2 of the Depths)
 37365 | Depths:2 | Received a gift from Okawaru
 37385 | Depths:2 | 37385 ||| FLEEEEING.
 37392 | Depths:2 | 37392 ||| FLEEEEING.
 37515 | Depths:2 | Identified the staff "Tuclihih" {rElec Str+4 Air}
 37541 | Depths:2 | 37541 ||| Stepping ~*~*~tactically~*~*~ (outnumbered).
 37547 | Depths:2 | 37547 ||| INVOKING Heroism.
 37548 | Depths:2 | 37548 ||| INVOKING Finesse.
 37638 | Depths:2 | Identified the +6 quarterstaff of Eternity {heavy, *Noise
                  | rF+ Will+ rCorr Str+3}
 37649 | Depths:2 | 37649 ||| INVOKING Heroism.
 37674 | Depths:2 | 37674 ||| Stepping ~*~*~tactically~*~*~ (outnumbered).
 37683 | Depths:2 | Reached skill level 15 in Armour
 37683 | Depths:2 | 37683 ||| Stepping ~*~*~tactically~*~*~ (outnumbered).
 37706 | Depths:2 | 37706 ||| Stepping ~*~*~tactically~*~*~ (outnumbered).
 37708 | Depths:2 | 37708 ||| Stepping ~*~*~tactically~*~*~ (outnumbered).
 37710 | Depths:2 | 37710 ||| Stepping ~*~*~tactically~*~*~ (outnumbered).
 37729 | Depths:2 | 37729 ||| INVOKING Heroism.
 37829 | Depths:2 | 37829 ||| INVOKING Heroism.
 37833 | Depths:2 | 37833 ||| Stepping ~*~*~tactically~*~*~ (outnumbered).
 37835 | Depths:2 | 37835 ||| Stepping ~*~*~tactically~*~*~ (outnumbered).
 38205 | Depths:2 | 38205 ||| DROPPING +1 pair of gloves "Wilie" {Harm rPois
                  | rF- Slay+2}.
 38229 | Depths:3 | 38229 ||| INVOKING Heroism.
 38264 | Depths:3 | 38264 ||| RETREATING.
 38267 | Depths:3 | 38267 ||| Stepping ~*~*~tactically~*~*~ (outnumbered).
 38290 | Depths:3 | 38290 ||| INVOKING Heroism.
 38295 | Depths:3 | 38295 ||| Stepping ~*~*~tactically~*~*~ (retreating).
 38356 | Depths:3 | 38356 ||| Stepping ~*~*~tactically~*~*~ (retreating).
 38357 | Depths:3 | 38357 ||| RETREATING.
 38360 | Depths:3 | 38360 ||| Stepping ~*~*~tactically~*~*~ (retreating).
 38367 | Depths:3 | 38367 ||| INVOKING Heroism.
 38381 | Depths:3 | Reached skill level 23 in Fighting
 38522 | Depths:3 | 38522 ||| Stepping ~*~*~tactically~*~*~ (outnumbered).
 38527 | Depths:3 | 38527 ||| Stepping ~*~*~tactically~*~*~ (outnumbered).
 38550 | Depths:3 | Found a one-way gate to the infinite horrors of the Abyss.
 38635 | Depths:3 | 38635 ||| INVOKING Heroism.
 38661 | Depths:3 | 38661 ||| Stepping ~*~*~tactically~*~*~ (outnumbered).
 38695 | Depths:3 | Noticed a golden dragon
 38696 | Depths:3 | 38696 ||| Stepping ~*~*~tactically~*~*~ (retreating).
 38702 | Depths:3 | 38702 ||| INVOKING Heroism.
 38707 | Depths:3 | Killed a golden dragon
 38722 | Depths:3 | Reached XP level 23. HP: 164/164 MP: 30/30
 38742 | Depths:3 | 38742 ||| INVOKING Heroism.
 38747 | Depths:3 | Noticed Grunn
 38750 | Depths:3 | 38750 ||| Stepping ~*~*~tactically~*~*~ (retreating).
 38751 | Depths:3 | 38751 ||| Stepping ~*~*~tactically~*~*~ (retreating).
 38752 | Depths:3 | 38752 ||| Stepping ~*~*~tactically~*~*~ (retreating).
 38757 | Depths:3 | 38757 ||| Stepping ~*~*~tactically~*~*~ (retreating).
 38776 | Depths:3 | 38776 ||| INVOKING Finesse.
 38785 | Depths:3 | Killed Grunn
 38948 | Depths:3 | 38948 ||| INVOKING Heroism.
 39006 | Depths:3 | 39006 ||| INVOKING Heroism.
 39327 | Depths:3 | 39327 ||| Stepping ~*~*~tactically~*~*~ (outnumbered).
 39345 | Depths:3 | Reached skill level 18 in Dodging
 39408 | Depths:3 | Identified the +2 dagger of Qazlal's Hope {venom, Str+3}
 39522 | Depths:4 | Entered Level 4 of the Depths
 39539 | Depths:4 | 39539 ||| RETREATING.
 39585 | Depths:4 | 39585 ||| Stepping ~*~*~tactically~*~*~ (outnumbered).
 39596 | Depths:4 | 39596 ||| Stepping ~*~*~tactically~*~*~ (retreating).
 39597 | Depths:4 | 39597 ||| Stepping ~*~*~tactically~*~*~ (retreating).
 39817 | Depths:4 | 39817 ||| RETREATING.
 39845 | Depths:4 | 39845 ||| Stepping ~*~*~tactically~*~*~ (retreating).
 39846 | Depths:4 | 39846 ||| Stepping ~*~*~tactically~*~*~ (retreating).
 39898 | Depths:4 | 39898 ||| Stepping ~*~*~tactically~*~*~ (outnumbered).
 39958 | Depths:4 | 39958 ||| RETREATING.
 40036 | Depths:4 | 40036 ||| INVOKING Heroism.
 40137 | Depths:4 | Found a gate to the Realm of Zot.
 40138 | Depths:4 | 40138 ||| RETREATING.
 40144 | Depths:4 | 40144 ||| Stepping ~*~*~tactically~*~*~ (retreating).
 40145 | Depths:4 | 40145 ||| Stepping ~*~*~tactically~*~*~ (retreating).
 40146 | Depths:4 | 40146 ||| Stepping ~*~*~tactically~*~*~ (retreating).
 40147 | Depths:4 | 40147 ||| Stepping ~*~*~tactically~*~*~ (retreating).
 40148 | Depths:4 | 40148 ||| INVOKING Heroism.
 40217 | Depths:4 | 40217 ||| RETREATING.
 40415 | Depths:4 | 40415 ||| INVOKING Heroism.
 40454 | Depths:4 | Found Woalo's Jewellery Emporium.
 40454 | Depths:4 | Found Kitwac's Book Shop.
 40455 | Depths:4 | Found Pafetadgh's Book Shop.
 40462 | Depths:4 | 40462 ||| BUYING amulet "Kim Hett" {Spirit rCorr Dex+3
                  | Stlth+} (775 gold).
 40462 | Depths:4 | Bought the amulet "Kim Hett" {Spirit rCorr Dex+3 Stlth+}
                  | for 775 gold pieces
 40661 | Depths:4 | 40661 ||| PLANNING VAULTS:5
 40967 | Vaults:5 | Entered Level 5 of the Vaults
 40970 | Vaults:5 | 40970 ||| STAIRDANCE
 40972 | Vaults:4 | 40972 ||| Stepping ~*~*~tactically~*~*~ (retreating).
 40973 | Vaults:4 | 40973 ||| Stepping ~*~*~tactically~*~*~ (retreating).
 40974 | Vaults:4 | 40974 ||| Stepping ~*~*~tactically~*~*~ (retreating).
 40975 | Vaults:4 | 40975 ||| Stepping ~*~*~tactically~*~*~ (retreating).
 40976 | Vaults:4 | 40976 ||| Stepping ~*~*~tactically~*~*~ (retreating).
 40977 | Vaults:4 | 40977 ||| Stepping ~*~*~tactically~*~*~ (retreating).
 40978 | Vaults:4 | 40978 ||| Stepping ~*~*~tactically~*~*~ (retreating).
 41006 | Vaults:5 | 41006 ||| STAIRDANCE
 41023 | Vaults:4 | 41023 ||| Stepping ~*~*~tactically~*~*~ (retreating).
 41024 | Vaults:4 | 41024 ||| Stepping ~*~*~tactically~*~*~ (retreating).
 41025 | Vaults:4 | 41025 ||| Stepping ~*~*~tactically~*~*~ (retreating).
 41026 | Vaults:4 | 41026 ||| Stepping ~*~*~tactically~*~*~ (retreating).
 41027 | Vaults:4 | 41027 ||| Stepping ~*~*~tactically~*~*~ (retreating).
 41028 | Vaults:4 | 41028 ||| Stepping ~*~*~tactically~*~*~ (retreating).
 41029 | Vaults:4 | 41029 ||| Stepping ~*~*~tactically~*~*~ (retreating).
 41034 | Vaults:4 | 41034 ||| Stepping ~*~*~tactically~*~*~ (retreating).
 41037 | Vaults:4 | 41037 ||| Stepping ~*~*~tactically~*~*~ (retreating).
 41038 | Vaults:4 | Received a gift from Okawaru
 41039 | Vaults:4 | 41039 ||| Stepping ~*~*~tactically~*~*~ (retreating).
 41042 | Vaults:4 | 41042 ||| Stepping ~*~*~tactically~*~*~ (retreating).
 41043 | Vaults:4 | 41043 ||| Stepping ~*~*~tactically~*~*~ (retreating).
 41044 | Vaults:4 | 41044 ||| Stepping ~*~*~tactically~*~*~ (retreating).
 41048 | Vaults:4 | 41048 ||| Stepping ~*~*~tactically~*~*~ (retreating).
 41082 | Vaults:5 | 41082 ||| STAIRDANCE
 41090 | Vaults:4 | 41090 ||| Stepping ~*~*~tactically~*~*~ (retreating).
 41091 | Vaults:4 | 41091 ||| Stepping ~*~*~tactically~*~*~ (retreating).
 41092 | Vaults:4 | 41092 ||| Stepping ~*~*~tactically~*~*~ (retreating).
 41093 | Vaults:4 | 41093 ||| Stepping ~*~*~tactically~*~*~ (retreating).
 41094 | Vaults:4 | 41094 ||| Stepping ~*~*~tactically~*~*~ (retreating).
 41095 | Vaults:4 | 41095 ||| Stepping ~*~*~tactically~*~*~ (retreating).
 41096 | Vaults:4 | 41096 ||| Stepping ~*~*~tactically~*~*~ (retreating).
 41101 | Vaults:4 | 41101 ||| Stepping ~*~*~tactically~*~*~ (retreating).
 41103 | Vaults:4 | 41103 ||| Stepping ~*~*~tactically~*~*~ (retreating).
 41105 | Vaults:4 | 41105 ||| Stepping ~*~*~tactically~*~*~ (retreating).
 41107 | Vaults:4 | 41107 ||| Stepping ~*~*~tactically~*~*~ (outnumbered).
 41112 | Vaults:4 | 41112 ||| Stepping ~*~*~tactically~*~*~ (retreating).
 41113 | Vaults:4 | 41113 ||| Stepping ~*~*~tactically~*~*~ (retreating).
 41114 | Vaults:4 | 41114 ||| Stepping ~*~*~tactically~*~*~ (retreating).
 41115 | Vaults:4 | 41115 ||| INVOKING Heroism.
 41116 | Vaults:4 | 41116 ||| INVOKING Finesse.
 41122 | Vaults:4 | 41122 ||| Stepping ~*~*~tactically~*~*~ (retreating).
 41132 | Vaults:4 | Reached skill level 24 in Fighting
 41186 | Vaults:5 | 41186 ||| STAIRDANCE
 41188 | Vaults:4 | 41188 ||| Stepping ~*~*~tactically~*~*~ (retreating).
 41189 | Vaults:4 | 41189 ||| Stepping ~*~*~tactically~*~*~ (retreating).
 41190 | Vaults:4 | 41190 ||| Stepping ~*~*~tactically~*~*~ (retreating).
 41191 | Vaults:4 | 41191 ||| Stepping ~*~*~tactically~*~*~ (retreating).
 41192 | Vaults:4 | 41192 ||| Stepping ~*~*~tactically~*~*~ (retreating).
 41193 | Vaults:4 | 41193 ||| Stepping ~*~*~tactically~*~*~ (retreating).
 41194 | Vaults:4 | 41194 ||| Stepping ~*~*~tactically~*~*~ (retreating).
 41198 | Vaults:4 | 41198 ||| Stepping ~*~*~tactically~*~*~ (retreating).
 41201 | Vaults:4 | 41201 ||| Stepping ~*~*~tactically~*~*~ (retreating).
 41230 | Vaults:5 | 41230 ||| STAIRDANCE
 41238 | Vaults:5 | 41238 ||| Stepping ~*~*~tactically~*~*~ (outnumbered).
 41275 | Vaults:5 | 41275 ||| Stepping ~*~*~tactically~*~*~ (outnumbered).
 41277 | Vaults:5 | 41277 ||| Stepping ~*~*~tactically~*~*~ (outnumbered).
 41279 | Vaults:5 | 41279 ||| Stepping ~*~*~tactically~*~*~ (outnumbered).
 41281 | Vaults:5 | 41281 ||| RETREATING.
 41284 | Vaults:5 | 41284 ||| Stepping ~*~*~tactically~*~*~ (outnumbered).
 41296 | Vaults:5 | 41296 ||| Stepping ~*~*~tactically~*~*~ (retreating).
 41299 | Vaults:5 | 41299 ||| Stepping ~*~*~tactically~*~*~ (retreating).
 41300 | Vaults:5 | 41300 ||| Stepping ~*~*~tactically~*~*~ (retreating).
 41301 | Vaults:5 | 41301 ||| Stepping ~*~*~tactically~*~*~ (retreating).
 41303 | Vaults:5 | 41303 ||| Stepping ~*~*~tactically~*~*~ (retreating).
 41304 | Vaults:5 | 41304 ||| INVOKING Heroism.
 41312 | Vaults:5 | 41312 ||| DRINKING 7 potions of curing.
 41312 | Vaults:5 | 41312 ||| (to cure confusion)
 41321 | Vaults:5 | 41321 ||| DRINKING 6 potions of curing.
 41321 | Vaults:5 | 41321 ||| (to cure confusion)
 41341 | Vaults:5 | Noticed an ancient lich
 41342 | Vaults:5 | 41342 ||| INVOKING Finesse.
 41347 | Vaults:5 | Killed an ancient lich
 41369 | Vaults:5 | 41369 ||| INVOKING Heroism.
 41402 | Vaults:5 | 41402 ||| INVOKING Heroism.
 41458 | Vaults:5 | Reached XP level 24. HP: 133/173 MP: 30/30
 41527 | Vaults:5 | 41527 ||| READING scroll of enchant armour.
 41527 | Vaults:5 | 41527 ||| ENCHANTING +1 pair of boots.
 41655 | Vaults:5 | 41655 ||| RETREATING.
 41677 | Vaults:5 | Noticed an ancient lich
 41677 | Vaults:5 | 41677 ||| INVOKING Heroism.
 41678 | Vaults:5 | 41678 ||| INVOKING Finesse.
 41690 | Vaults:5 | Killed an ancient lich
 41839 | Vaults:5 | 41839 ||| INVOKING Heroism.
 41931 | Vaults:5 | 41931 ||| INVOKING Heroism.
 41932 | Vaults:5 | 41932 ||| INVOKING Finesse.
 41934 | Vaults:5 | 41934 ||| Stepping ~*~*~tactically~*~*~ (outnumbered).
 42017 | Vaults:5 | Identified the +2 battleaxe of the Wheel {freeze, MP+9}
                  | (Okawaru gifted it to you on level 5 of the Vaults)
 42017 | Vaults:5 | Received a gift from Okawaru
 42043 | Vaults:5 | 42043 ||| Stepping ~*~*~tactically~*~*~ (outnumbered).
 42047 | Vaults:5 | Identified the +0 robe "Peocroi" {Int+3 Slay-6 SInv Stlth+}
 42048 | Vaults:5 | 42048 ||| RETREATING.
 42052 | Vaults:5 | 42052 ||| Stepping ~*~*~tactically~*~*~ (retreating).
 42053 | Vaults:5 | 42053 ||| Stepping ~*~*~tactically~*~*~ (retreating).
 42054 | Vaults:5 | 42054 ||| Stepping ~*~*~tactically~*~*~ (retreating).
 42077 | Vaults:5 | Identified the +8 falchion "Hannuof" {elec, Fly rPois
                  | Will+}
 42078 | Vaults:5 | 42078 ||| INVOKING Heroism.
 42172 | Vaults:5 | 42172 ||| RETREATING.
 42181 | Vaults:5 | 42181 ||| INVOKING Heroism.
 42195 | Vaults:5 | Reached skill level 25 in Fighting
 42245 | Vaults:5 | Got a silver rune of Zot
 42512 | Vaults:5 | Identified the +11 great sword of Pofaitan {freeze, rF++
                  | MP+9 Str+2}
 42525 | Vaults:5 | 42525 ||| INVOKING Heroism.
 42540 | Vaults:5 | Identified the +1 troll leather armour "Viuv" {*Corrode
                  | rC++ Regen+ Dex+5}
 42775 | Vaults:5 | 42775 ||| INVOKING Heroism.
 42787 | Vaults:5 | 42787 ||| Stepping ~*~*~tactically~*~*~ (retreating).
 42804 | Vaults:5 | Identified the +5 plate armour of the Goldsmith {Will++
                  | Str-2}
 42823 | Vaults:5 | 42823 ||| INVOKING Heroism.
 43057 | Vaults:5 | 43057 ||| PLANNING SHOPPING SPREE
 43057 | Vaults:5 | 43057 ||| DROPPING +1 robe of resistance.
 43058 | Vaults:5 | 43058 ||| UPGRADING to +1 troll leather armour "Viuv"
                  | {*Corrode rC++ Regen+ Dex+5}.
 43068 | Vaults:5 | 43068 ||| DROPPING amulet of faith.
 43410 | Snake:2  | 43410 ||| BUYING embroidered hat (301 gold).
 43410 | Snake:2  | Bought an embroidered hat for 301 gold pieces
 43410 | Snake:2  | 43410 ||| BUYING pair of embroidered boots (322 gold).
 43410 | Snake:2  | Bought a pair of embroidered boots for 322 gold pieces
 43410 | Snake:2  | 43410 ||| DROPPING +2 hat.
 43411 | Snake:2  | 43411 ||| DROPPING +1 pair of boots of flying.
 43687 | D:3      | 43687 ||| PLANNING ZOT:1-4
 44053 | Zot:1    | Entered Level 1 of the Realm of Zot
 44054 | Zot:1    | 44054 ||| RETREATING.
 44055 | Zot:1    | 44055 ||| Stepping ~*~*~tactically~*~*~ (retreating).
 44056 | Zot:1    | 44056 ||| Stepping ~*~*~tactically~*~*~ (retreating).
 44057 | Zot:1    | 44057 ||| Stepping ~*~*~tactically~*~*~ (retreating).
 44058 | Zot:1    | 44058 ||| INVOKING Heroism.
 44135 | Zot:1    | 44135 ||| INVOKING Heroism.
 44236 | Zot:1    | 44236 ||| RETREATING.
 44237 | Zot:1    | 44237 ||| INVOKING Heroism.
 44292 | Zot:1    | 44292 ||| Stepping ~*~*~tactically~*~*~ (outnumbered).
 44294 | Zot:1    | 44294 ||| Stepping ~*~*~tactically~*~*~ (outnumbered).
 44296 | Zot:1    | 44296 ||| RETREATING.
 44297 | Zot:1    | 44297 ||| INVOKING Heroism.
 44300 | Zot:1    | 44300 ||| Stepping ~*~*~tactically~*~*~ (retreating).
 44301 | Zot:1    | 44301 ||| Stepping ~*~*~tactically~*~*~ (retreating).
 44302 | Zot:1    | 44302 ||| Stepping ~*~*~tactically~*~*~ (retreating).
 44359 | Zot:1    | 44359 ||| RETREATING.
 44362 | Zot:1    | 44362 ||| Stepping ~*~*~tactically~*~*~ (outnumbered).
 44372 | Zot:1    | 44372 ||| Stepping ~*~*~tactically~*~*~ (outnumbered).
 44481 | Zot:1    | 44481 ||| RETREATING.
 44487 | Zot:1    | 44487 ||| Stepping ~*~*~tactically~*~*~ (outnumbered).
 44489 | Zot:1    | 44489 ||| Stepping ~*~*~tactically~*~*~ (outnumbered).
 44498 | Zot:1    | 44498 ||| Stepping ~*~*~tactically~*~*~ (outnumbered).
 44501 | Zot:1    | Received a gift from Okawaru
 44507 | Zot:1    | 44507 ||| Stepping ~*~*~tactically~*~*~ (outnumbered).
 44597 | Zot:1    | Identified the +0 plate armour of Zabaharr {rPois Will+
                  | Stlth+}
 44838 | Zot:1    | 44838 ||| DROPPING +1 helmet of intelligence.
 44865 | Zot:2    | 44865 ||| RETREATING.
 44870 | Zot:2    | Noticed a Killer Klown
 44871 | Zot:2    | 44871 ||| INVOKING Heroism.
 44872 | Zot:2    | 44872 ||| INVOKING Finesse.
 44896 | Zot:2    | 44896 ||| Stepping ~*~*~tactically~*~*~ (retreating).
 44906 | Zot:2    | 44906 ||| Stepping ~*~*~tactically~*~*~ (retreating).
 44907 | Zot:2    | 44907 ||| Stepping ~*~*~tactically~*~*~ (retreating).
 44908 | Zot:2    | 44908 ||| Stepping ~*~*~tactically~*~*~ (retreating).
 44909 | Zot:2    | 44909 ||| Stepping ~*~*~tactically~*~*~ (retreating).
 44910 | Zot:2    | 44910 ||| Stepping ~*~*~tactically~*~*~ (retreating).
 44911 | Zot:2    | 44911 ||| RETREATING.
 44915 | Zot:2    | Killed a Killer Klown
 44933 | Zot:2    | 44933 ||| Stepping ~*~*~tactically~*~*~ (outnumbered).
 45018 | Zot:2    | 45018 ||| INVOKING Heroism.
 45019 | Zot:2    | 45019 ||| RETREATING.
 45023 | Zot:2    | 45023 ||| Stepping ~*~*~tactically~*~*~ (outnumbered).
 45156 | Zot:2    | 45156 ||| RETREATING.
 45159 | Zot:2    | 45159 ||| RETREATING.
 45162 | Zot:2    | 45162 ||| Stepping ~*~*~tactically~*~*~ (outnumbered).
 45165 | Zot:2    | 45165 ||| Stepping ~*~*~tactically~*~*~ (outnumbered).
 45172 | Zot:2    | 45172 ||| Stepping ~*~*~tactically~*~*~ (retreating).
 45173 | Zot:2    | 45173 ||| Stepping ~*~*~tactically~*~*~ (retreating).
 45174 | Zot:2    | 45174 ||| Stepping ~*~*~tactically~*~*~ (retreating).
 45175 | Zot:2    | 45175 ||| Stepping ~*~*~tactically~*~*~ (retreating).
 45176 | Zot:2    | 45176 ||| Stepping ~*~*~tactically~*~*~ (retreating).
 45177 | Zot:2    | 45177 ||| Stepping ~*~*~tactically~*~*~ (retreating).
 45178 | Zot:2    | 45178 ||| Stepping ~*~*~tactically~*~*~ (retreating).
 45181 | Zot:2    | 45181 ||| FLEEEEING.
 45182 | Zot:2    | 45182 ||| Stepping ~*~*~tactically~*~*~ (retreating).
 45183 | Zot:2    | 45183 ||| Stepping ~*~*~tactically~*~*~ (retreating).
 45184 | Zot:2    | 45184 ||| Stepping ~*~*~tactically~*~*~ (retreating).
 45185 | Zot:2    | 45185 ||| Stepping ~*~*~tactically~*~*~ (retreating).
 45186 | Zot:2    | 45186 ||| Stepping ~*~*~tactically~*~*~ (retreating).
 45187 | Zot:2    | 45187 ||| Stepping ~*~*~tactically~*~*~ (retreating).
 45193 | Zot:2    | 45193 ||| INVOKING Heroism.
 45197 | Zot:2    | Reached XP level 25. HP: 167/181 MP: 29/30
 45398 | Zot:2    | 45398 ||| Stepping ~*~*~tactically~*~*~ (outnumbered).
 45441 | Zot:2    | 45441 ||| INVOKING Heroism.
 45442 | Zot:2    | 45442 ||| RETREATING.
 45453 | Zot:2    | 45453 ||| Stepping ~*~*~tactically~*~*~ (outnumbered).
 45706 | Zot:3    | 45706 ||| INVOKING Heroism.
 45710 | Zot:3    | 45710 ||| RETREATING.
 45715 | Zot:3    | 45715 ||| Stepping ~*~*~tactically~*~*~ (retreating).
 45770 | Zot:3    | 45770 ||| Stepping ~*~*~tactically~*~*~ (retreating).
 45771 | Zot:3    | 45771 ||| Stepping ~*~*~tactically~*~*~ (retreating).
 45772 | Zot:3    | 45772 ||| Stepping ~*~*~tactically~*~*~ (retreating).
 45773 | Zot:3    | 45773 ||| RETREATING.
 45790 | Zot:3    | Reached skill level 21 in Dodging
 45790 | Zot:3    | 45790 ||| Stepping ~*~*~tactically~*~*~ (retreating).
 45794 | Zot:3    | 45794 ||| Stepping ~*~*~tactically~*~*~ (retreating).
 45795 | Zot:3    | 45795 ||| Stepping ~*~*~tactically~*~*~ (retreating).
 45796 | Zot:3    | 45796 ||| Stepping ~*~*~tactically~*~*~ (retreating).
 45797 | Zot:3    | 45797 ||| Stepping ~*~*~tactically~*~*~ (retreating).
 45798 | Zot:3    | 45798 ||| Stepping ~*~*~tactically~*~*~ (retreating).
 45802 | Zot:3    | 45802 ||| Stepping ~*~*~tactically~*~*~ (retreating).
 45805 | Zot:3    | 45805 ||| Stepping ~*~*~tactically~*~*~ (retreating).
 45813 | Zot:3    | 45813 ||| Stepping ~*~*~tactically~*~*~ (retreating).
 45849 | Zot:3    | 45849 ||| Stepping ~*~*~tactically~*~*~ (outnumbered).
 45850 | Zot:3    | 45850 ||| Stepping ~*~*~tactically~*~*~ (outnumbered).
 45851 | Zot:3    | 45851 ||| RETREATING.
 45854 | Zot:3    | 45854 ||| Stepping ~*~*~tactically~*~*~ (outnumbered).
 45857 | Zot:3    | 45857 ||| Stepping ~*~*~tactically~*~*~ (retreating).
 45872 | Zot:3    | 45872 ||| Stepping ~*~*~tactically~*~*~ (retreating).
 45875 | Zot:3    | 45875 ||| Stepping ~*~*~tactically~*~*~ (retreating).
 45879 | Zot:3    | 45879 ||| INVOKING Heroism.
 45890 | Zot:3    | 45890 ||| Stepping ~*~*~tactically~*~*~ (retreating).
 45893 | Zot:3    | HP: 34/182 [black draconian knight/shard of ice[a black
                  | draconian knight] (31)]
 45894 | Zot:3    | 45894 ||| READING 11 scrolls of teleportation.
 45895 | Zot:3    | 45895 ||| DRINKING 11 potions of heal wounds.
 45903 | Zot:3    | HP: 45/182 [white draconian stormcaller/divine providence
                  | (9)]
 45904 | Zot:3    | 45904 ||| DRINKING 10 potions of heal wounds.
 45918 | Zot:3    | HP: 45/182 [white draconian stormcaller (15)]
 45919 | Zot:3    | 45919 ||| DRINKING 9 potions of heal wounds.
 45920 | Zot:3    | 45920 ||| RETREATING.
 46225 | Zot:3    | 46225 ||| INVOKING Heroism.
 46540 | Zot:3    | Identified the +5 halberd "Tayt" {protect, *Rage rElec rC+
                  | Dex+4}
 46807 | Zot:4    | 46807 ||| Stepping ~*~*~tactically~*~*~ (outnumbered).
 46810 | Zot:4    | 46810 ||| RETREATING.
 46812 | Zot:4    | 46812 ||| Stepping ~*~*~tactically~*~*~ (outnumbered).
 46820 | Zot:4    | 46820 ||| Stepping ~*~*~tactically~*~*~ (retreating).
 46831 | Zot:4    | 46831 ||| INVOKING Heroism.
 46840 | Zot:4    | Reached skill level 26 in Fighting
 46973 | Zot:4    | 46973 ||| INVOKING Heroism.
 46989 | Zot:4    | 46989 ||| Stepping ~*~*~tactically~*~*~ (retreating).
 47038 | Zot:4    | 47038 ||| STAIRDANCE
 47071 | Zot:4    | 47071 ||| INVOKING Heroism.
 47083 | Zot:4    | 47083 ||| Stepping ~*~*~tactically~*~*~ (outnumbered).
 47084 | Zot:4    | 47084 ||| Stepping ~*~*~tactically~*~*~ (outnumbered).
 47332 | Zot:4    | Identified the +3 scale mail "Bononasm" {Harm Rampage Drain
                  | Will+}
 47345 | Zot:4    | Noticed a Killer Klown
 47346 | Zot:4    | 47346 ||| INVOKING Heroism.
 47347 | Zot:4    | 47347 ||| RETREATING.
 47348 | Zot:4    | 47348 ||| INVOKING Finesse.
 47363 | Zot:4    | Killed a Killer Klown
 47680 | Zot:4    | 47680 ||| PLANNING ORB
 47689 | Zot:5    | Entered Level 5 of the Realm of Zot
 47728 | Zot:5    | 47728 ||| INVOKING Heroism.
 47742 | Zot:5    | 47742 ||| Stepping ~*~*~tactically~*~*~ (outnumbered).
 47743 | Zot:5    | 47743 ||| Stepping ~*~*~tactically~*~*~ (outnumbered).
 47755 | Zot:5    | 47755 ||| Stepping ~*~*~tactically~*~*~ (outnumbered).
 47758 | Zot:5    | Noticed a Killer Klown
 47758 | Zot:5    | 47758 ||| RETREATING.
 47766 | Zot:5    | 47766 ||| RETREATING.
 47769 | Zot:5    | 47769 ||| Stepping ~*~*~tactically~*~*~ (retreating).
 47770 | Zot:5    | 47770 ||| INVOKING Heroism.
 47771 | Zot:5    | 47771 ||| INVOKING Finesse.
 47790 | Zot:5    | Killed a Killer Klown
 47853 | Zot:5    | 47853 ||| INVOKING Heroism.
 47887 | Zot:5    | 47887 ||| RETREATING.
 47901 | Zot:5    | 47901 ||| INVOKING Heroism.
 47943 | Zot:5    | 47943 ||| INVOKING Heroism.
 47948 | Zot:5    | Reached XP level 26. HP: 190/190 MP: 28/30
 47991 | Zot:5    | 47991 ||| INVOKING Heroism.
 48021 | Zot:5    | 48021 ||| INVOKING Heroism.
 48133 | Zot:5    | 48133 ||| RETREATING.
 48257 | Zot:5    | 48257 ||| RETREATING.
 48261 | Zot:5    | Noticed an ancient lich
 48262 | Zot:5    | 48262 ||| INVOKING Heroism.
 48262 | Zot:5    | Noticed an orb of fire
 48263 | Zot:5    | 48263 ||| INVOKING Finesse.
 48270 | Zot:5    | 48270 ||| Stepping ~*~*~tactically~*~*~ (outnumbered).
 48274 | Zot:5    | Noticed an orb of fire
 48274 | Zot:5    | 48274 ||| RETREATING.
 48275 | Zot:5    | Noticed a Killer Klown
 48292 | Zot:5    | Noticed an ancient lich
 48292 | Zot:5    | Gained mutation: You are partially covered in iridescent
                  | scales. (AC +2) [an orb of fire]
 48293 | Zot:5    | Killed an orb of fire
 48297 | Zot:5    | Killed an orb of fire
 48297 | Zot:5    | Noticed a dread lich
 48298 | Zot:5    | 48298 ||| Stepping ~*~*~tactically~*~*~ (retreating).
 48299 | Zot:5    | 48299 ||| Stepping ~*~*~tactically~*~*~ (outnumbered).
 48300 | Zot:5    | 48300 ||| Stepping ~*~*~tactically~*~*~ (retreating).
 48301 | Zot:5    | 48301 ||| Stepping ~*~*~tactically~*~*~ (outnumbered).
 48301 | Zot:5    | Noticed an orb of fire
 48302 | Zot:5    | 48302 ||| Stepping ~*~*~tactically~*~*~ (outnumbered).
 48302 | Zot:5    | Noticed a Killer Klown
 48302 | Zot:5    | HP: 39/192 [ancient lich/crystal spear (84)]
 48303 | Zot:5    | 48303 ||| READING 11 scrolls of teleportation.
 48303 | Zot:5    | HP: 10/192 [ancient lich/crystal spear (30)]
 48304 | Zot:5    | 48304 ||| DRINKING 9 potions of heal wounds.
 48305 | Zot:5    | Noticed an orb of fire
 48305 | Zot:5    | 48305 ||| DRINKING 8 potions of heal wounds.
 48305 | Zot:5    | Noticed a Killer Klown
 48306 | Zot:5    | 48306 ||| DRINKING 7 potions of heal wounds.
 48306 | Zot:5    | Noticed a Killer Klown
 48311 | Zot:5    | Killed a dread lich
 48313 | Zot:5    | Noticed a Killer Klown
 48320 | Zot:5    | 48320 ||| INVOKING Heroism.
 48320 | Zot:5    | HP: 11/192 [ancient lich/crystal spear (65)]
 48321 | Zot:5    | 48321 ||| DRINKING 6 potions of heal wounds.
 48322 | Zot:5    | 48322 ||| DRINKING 5 potions of heal wounds.
 48323 | Zot:5    | Noticed a Killer Klown
 48323 | Zot:5    | Noticed an ancient lich
 48363 | Zot:5    | 48363 ||| INVOKING Heroism.
 48364 | Zot:5    | 48364 ||| INVOKING Finesse.
 48371 | Zot:5    | Killed a Killer Klown
 48412 | Zot:5    | 48412 ||| INVOKING Heroism.
 48424 | Zot:5    | Killed an ancient lich
 48424 | Zot:5    | Received a gift from Okawaru
 48438 | Zot:5    | Killed a Killer Klown
 48468 | Zot:5    | 48468 ||| INVOKING Heroism.
 48469 | Zot:5    | 48469 ||| INVOKING Finesse.
 48482 | Zot:5    | Killed an ancient lich
 48493 | Zot:5    | Killed an ancient lich
 48494 | Zot:5    | Reached skill level 27 in Fighting
 48502 | Zot:5    | Killed a Killer Klown
 48541 | Zot:5    | 48541 ||| Stepping ~*~*~tactically~*~*~ (retreating).
 48542 | Zot:5    | 48542 ||| INVOKING Heroism.
 48553 | Zot:5    | Noticed a Killer Klown
 48556 | Zot:5    | 48556 ||| RETREATING.
 48566 | Zot:5    | Killed an orb of fire
 48574 | Zot:5    | Killed a Killer Klown
 48576 | Zot:5    | 48576 ||| INVOKING Finesse.
 48578 | Zot:5    | 48578 ||| Stepping ~*~*~tactically~*~*~ (outnumbered).
 48604 | Zot:5    | Killed an orb of fire
 48605 | Zot:5    | 48605 ||| RETREATING.
 48606 | Zot:5    | 48606 ||| INVOKING Finesse.
 48609 | Zot:5    | Killed a Killer Klown
 48610 | Zot:5    | Reached skill level 18 in Armour
 48613 | Zot:5    | 48613 ||| Stepping ~*~*~tactically~*~*~ (outnumbered).
 48618 | Zot:5    | 48618 ||| RETREATING.
 48636 | Zot:5    | Killed a Killer Klown
 48649 | Zot:5    | Killed a Killer Klown
 48729 | Zot:5    | 48729 ||| FLEEEEING.
 48834 | Zot:5    | 48834 ||| INVOKING Heroism.
 48901 | Zot:5    | 48901 ||| RETREATING.
 48902 | Zot:5    | 48902 ||| INVOKING Heroism.
 49033 | Zot:5    | Got the Orb of Zot
 49034 | Zot:5    | 49034 ||| PLANNING ESCAPE
 49196 | Zot:1    | 49196 ||| Stepping ~*~*~tactically~*~*~ (outnumbered).
 49264 | Depths:4 | Noticed Rogum the pandemonium lord
 49264 | Depths:4 | 49264 ||| DRINKING 15 potions of haste.
 49265 | Depths:4 | 49265 ||| RETREATING.
 49266 | Depths:4 | 49266 ||| INVOKING Heroism.
 49270 | Depths:4 | 49270 ||| Stepping ~*~*~tactically~*~*~ (outnumbered).
 49284 | Depths:4 | 49284 ||| Stepping ~*~*~tactically~*~*~ (retreating).
 49285 | Depths:4 | 49285 ||| Stepping ~*~*~tactically~*~*~ (retreating).
 49286 | Depths:4 | 49286 ||| Stepping ~*~*~tactically~*~*~ (retreating).
 49287 | Depths:4 | 49287 ||| Stepping ~*~*~tactically~*~*~ (retreating).
 49316 | Depths:4 | Killed Rogum the pandemonium lord
 49318 | Depths:4 | 49318 ||| DRINKING 7 potions of resistance.
 49319 | Depths:4 | 49319 ||| INVOKING Finesse.
 49349 | Depths:2 | 49349 ||| Stepping ~*~*~tactically~*~*~ (retreating).
 49350 | Depths:2 | 49350 ||| Stepping ~*~*~tactically~*~*~ (retreating).
 49351 | Depths:2 | 49351 ||| Stepping ~*~*~tactically~*~*~ (retreating).
 49524 | D:12     | Noticed a seraph
 49524 | D:12     | 49524 ||| DRINKING 14 potions of haste.
 49525 | D:12     | 49525 ||| RETREATING.
 49527 | D:12     | 49527 ||| INVOKING Heroism.
 49529 | D:12     | 49529 ||| Stepping ~*~*~tactically~*~*~ (retreating).
 49530 | D:12     | 49530 ||| Stepping ~*~*~tactically~*~*~ (retreating).
 49531 | D:12     | 49531 ||| Stepping ~*~*~tactically~*~*~ (retreating).
 49532 | D:12     | 49532 ||| Stepping ~*~*~tactically~*~*~ (retreating).
 49533 | D:12     | 49533 ||| Stepping ~*~*~tactically~*~*~ (retreating).
 49534 | D:12     | 49534 ||| Stepping ~*~*~tactically~*~*~ (retreating).
 49535 | D:12     | 49535 ||| Stepping ~*~*~tactically~*~*~ (retreating).
 49536 | D:12     | 49536 ||| Stepping ~*~*~tactically~*~*~ (retreating).
 49540 | D:12     | 49540 ||| INVOKING Finesse.
 49546 | D:12     | 49546 ||| Stepping ~*~*~tactically~*~*~ (retreating).
 49547 | D:12     | 49547 ||| Stepping ~*~*~tactically~*~*~ (retreating).
 49548 | D:12     | 49548 ||| Stepping ~*~*~tactically~*~*~ (retreating).
 49549 | D:12     | 49549 ||| Stepping ~*~*~tactically~*~*~ (retreating).
 49550 | D:12     | 49550 ||| Stepping ~*~*~tactically~*~*~ (retreating).
 49551 | D:12     | 49551 ||| Stepping ~*~*~tactically~*~*~ (retreating).
 49563 | D:12     | Killed a seraph
 49597 | D:12     | 49597 ||| INVOKING Heroism.
 49745 | D:6      | 49745 ||| RETREATING.
 49746 | D:6      | 49746 ||| Stepping ~*~*~tactically~*~*~ (retreating).
 49748 | D:6      | 49748 ||| Stepping ~*~*~tactically~*~*~ (retreating).
 49749 | D:6      | 49749 ||| Stepping ~*~*~tactically~*~*~ (retreating).
 49750 | D:6      | 49750 ||| DRINKING 13 potions of haste.
 49751 | D:6      | 49751 ||| Stepping ~*~*~tactically~*~*~ (retreating).
 49752 | D:6      | 49752 ||| Stepping ~*~*~tactically~*~*~ (retreating).
 49753 | D:6      | 49753 ||| Stepping ~*~*~tactically~*~*~ (retreating).
 49754 | D:6      | 49754 ||| Stepping ~*~*~tactically~*~*~ (retreating).
 49758 | D:6      | Reached XP level 27. HP: 181/199 MP: 31/31
 49759 | D:6      | 49759 ||| INVOKING Heroism.
 49759 | D:6      | Paralysed by accursed screaming for 1 turns
 49761 | D:6      | 49761 ||| Stepping ~*~*~tactically~*~*~ (outnumbered).
 49762 | D:6      | 49762 ||| Stepping ~*~*~tactically~*~*~ (outnumbered).
 49771 | D:6      | 49771 ||| DRINKING 8 potions of curing.
 49771 | D:6      | 49771 ||| (to cure confusion)
 49776 | D:6      | 49776 ||| DRINKING 7 potions of curing.
 49776 | D:6      | 49776 ||| (to cure confusion)
 49777 | D:6      | 49777 ||| DRINKING 6 potions of curing.
 49777 | D:6      | 49777 ||| (to cure confusion)
 49778 | D:6      | 49778 ||| DRINKING 5 potions of curing.
 49778 | D:6      | 49778 ||| (to cure confusion)
 49779 | D:6      | 49779 ||| Stepping ~*~*~tactically~*~*~ (retreating).
 49780 | D:6      | 49780 ||| Stepping ~*~*~tactically~*~*~ (retreating).
 49782 | D:6      | 49782 ||| DRINKING 4 potions of curing.
 49782 | D:6      | 49782 ||| (to cure confusion)
 49785 | D:6      | 49785 ||| Stepping ~*~*~tactically~*~*~ (retreating).
 49786 | D:6      | 49786 ||| Stepping ~*~*~tactically~*~*~ (retreating).
 49788 | D:6      | 49788 ||| Stepping ~*~*~tactically~*~*~ (retreating).
 49789 | D:6      | 49789 ||| DRINKING 3 potions of curing.
 49789 | D:6      | 49789 ||| (to cure confusion)
 49790 | D:6      | 49790 ||| Stepping ~*~*~tactically~*~*~ (retreating).
 49791 | D:6      | 49791 ||| Stepping ~*~*~tactically~*~*~ (retreating).
 49792 | D:6      | 49792 ||| Stepping ~*~*~tactically~*~*~ (retreating).
 49793 | D:6      | 49793 ||| DRINKING 2 potions of curing.
 49793 | D:6      | 49793 ||| (to cure confusion)
 49794 | D:6      | 49794 ||| Stepping ~*~*~tactically~*~*~ (retreating).
 49798 | D:6      | 49798 ||| Stepping ~*~*~tactically~*~*~ (retreating).
 49799 | D:6      | 49799 ||| Stepping ~*~*~tactically~*~*~ (retreating).
 49800 | D:6      | 49800 ||| DRINKING potion of curing.
 49800 | D:6      | 49800 ||| (to cure confusion)
 49837 | D:6      | Gained mutation: You are dopey. (Int -2) [a cacodemon]
 49844 | D:6      | 49844 ||| DRINKING 12 potions of haste.
 49847 | D:6      | HP: 44/199 [??? (11)]
 49848 | D:6      | 49848 ||| DRINKING 5 potions of heal wounds.
 49854 | D:6      | HP: 44/199 [??? (12)]
 49855 | D:6      | 49855 ||| DRINKING 4 potions of heal wounds.
 49859 | D:6      | Gained mutation: Your flesh is cold resistant. (rC+) [a
                  | cacodemon]
 49861 | D:6      | HP: 44/199 [demonspawn warmonger/+2 glaive of freezing
                  | (14)]
 49862 | D:6      | 49862 ||| DRINKING 3 potions of heal wounds.
 49869 | D:6      | Gained mutation: Your body sometimes deteriorates upon
                  | taking damage. [a cacodemon]
 49877 | D:6      | Gained mutation: You occasionally lose the ability to read
                  | scrolls when taking damage. [a cacodemon]
 49878 | D:6      | Gained mutation: Your magical capacity is low. (-10% MP) [a
                  | cacodemon]
 49878 | D:6      | HP: 37/199 [Orb Guardian (20)]
 49879 | D:6      | 49879 ||| DRINKING 2 potions of heal wounds.
 49881 | D:6      | 49881 ||| DRINKING potion of heal wounds.
 49882 | D:6      | 49882 ||| DRINKING 11 potions of haste.
 49887 | D:6      | 49887 ||| READING 10 scrolls of teleportation.
 49888 | D:6      | 49888 ||| INVOKING Heroism.
 49888 | D:6      | HP: 47/199 [Orb Guardian (5)]
 49888 | D:6      | Gained mutation: You occasionally shout uncontrollably at
                  | your foes. [a cacodemon]
 49890 | D:6      | 49890 ||| Stepping ~*~*~tactically~*~*~ (retreating).
 49896 | D:6      | HP: 37/199 [??? (9)]
 49899 | D:6      | Noticed Vuunk the pandemonium lord
 49920 | D:6      | HP: 4/199 [Vuunk the pandemonium lord (44)]
 49921 | D:6      | Annihilated by Vuunk the pandemonium lord

Levels and vault maps discovered:
D:1:      erik_arrival_orb_chamber, layout_basic, st_stairs_1, minivault_25
D:2:      layout_basic, nicolae_ecumenical_lake_church, uniq_terence
D:3:      layout_loops_ring, marbit_many_paths, nicolae_overflow_hidden_temple,
          serial_undead, serial_undead_f, serial_undead_a, serial_undead_b,
          serial_undead_a, serial_undead_e, serial_shops, shop
D:4:      layout_basic, tgw_fedhas
D:5:      layout_rooms, temple_fountains, minmay_joined_circles
D:6:      layout_cave_pools, mainiacjoe_overflow_brackets, gammafunk_ghost_hive
D:7:      layout_basic, uniq_menkaure
D:8:      layout_cave_pods, nicolae_overflow_hallway_of_the_gods,
          kennysheep_little_box, enter_ossuary_4, enter_bailey_3
D:9:      layout_grid_maze, lemuel_round_altar, minmay_lair_entry_grove
D:10:     layout_roguey, mainiacjoe_overflow_tiny_flanked,
          nicolae_uskayaw_en_pointe
D:11:     layout_irregular_city
D:12:     layout_rooms, kennysheep_orc_monster_closet_entryway,
          gauntlet_entry_generic, kennysheep_nub, uniq_nergalle, uniq_snorg
D:13:     hangedman_screamer, layout_stronghold, erik_vaults_2, serial_shops,
          nicolae_inconvenience_store
D:14:     layout_big_octagon, nicolae_vehumet_radiance
D:15:     hangedman_depths_entry_civil_slaughter, layout_irregular_city,
          nicolae_titane, minmay_quadrilaterals
Temple:   nicolae_temple_cloud_nine
Lair:1:   layout_roguey, basic_altar, st_stairs_3
Lair:2:   layout_cave_shapes, grunt_megastairs_2
Lair:3:   layout_big_grid, swamp_mist, dummy_snake_entry, grunt_megastairs_4
Lair:4:   layout_cave_pods, infiniplex_staircase_pool
Lair:5:   guppyfry_lair_end_dragon, layout_regular_city, wormcave,
          slime_entry_1, chequers_serial_rivers_large_b, uniq_nessos
Swamp:1:  layout_basic_swamp, hangedman_swamp_ruin_wall, swamp_pool4,
          nicolae_swamp_round_clearing, hangedman_swamp_wriggling
Swamp:2:  layout_falls_marsh, serial_swamp_ruin, hangedman_swamp_ruin_hall,
          evilmike_swamp_ruin_house_4, uniq_frances, uniq_nikola, uniq_kirke
Swamp:3:  layout_basic_swamp, evilmike_swamp_ruin_house_3, roderic_carrion_pond
Swamp:4:  swamp_pestilence, layout_basic_swamp
Snake:1:  layout_onion, gammafunk_ghost_arena, nicolae_snake_salamander_zone,
          serial_bayou_shore_b
Snake:2:  layout_gridlike, serial_shops, shop, lemuel_fruit_tree, uniq_aizul
Snake:3:  layout_cave_town, st_stairs_7, serial_bayou_shore_a, uniq_mlioglotl
Snake:4:  minmay_snake_end_coiled, layout_misc_corridors, serial_shops, shop,
          serial_bayou_pond_a
Orc:1:    layout_diamond_mine, uniq_erolcha
Orc:2:    grunt_orc_cross, layout_caves, gammafunk_ghost_stat_death,
          uniq_jorgrun
Vaults:1: nicolae_vaults_storage_room_water,
          nicolae_vaults_door_testing_chamber, nicolae_vaults_tetromino_T_2,
          hangedman_vaults_snaps, vaults_room_pool, nicolae_vaults_big_ls,
          vaults_room_door_ring, v_misc_19, nicolae_vaults_wine_cellar,
          nicolae_vaults_more_shelving_2, vaults_mumra_minichess,
          nicolae_vaults_trapezoid_3, vaults_dpeg_emergency_exit,
          nicolae_vaults_tetromino_L_2, nicolae_vaults_tetromino_Z_2,
          layout_vaults_omnicross, serial_shops, nicolae_shop_peninsula
Vaults:2: lightli_enter_wizlab_magi_temple, hangedman_vaults_nails,
          dpeg_vaults_waves, nicolae_vaults_big_angled_halls,
          nicolae_vaults_lightning_bolt, vaults_dpeg_ring,
          nicolae_vaults_three_branches, nicolae_vaults_trapezoid_1,
          grunt_vaults_focal, nicolae_vaults_alarming, vaults_dpeg_hooks,
          layout_vaults_chaotic_city, uniq_donald
Vaults:3: minmay_crypt_entry_simple_corners, nicolae_vaults_oval_intersection,
          v_misc_13, nicolae_vaults_heart-shaped_vault, vaults_room_hallway,
          v_misc_12, layout_vaults_omnigrid, uniq_sojobo
Vaults:4: nicolae_vaults_double_plus_2, v_pattern_2, gammafunk_the_bubble
          [the_bubble_gammafunk_roulette], hangedman_vaults_locks,
          nicolae_vaults_closet_pinwheel_3, nicolae_vaults_inception_statues,
          nicolae_vaults_layer_cake_slice, nicolae_vaults_offset_grid_hallway_3,
          v_misc_31, nicolae_vaults_ring_of_whatevers,
          nicolae_vaults_windows_and_doors_thing, nicolae_vaults_house_3,
          layout_vaults_maze
Vaults:5
Depths:1: layout_honeycomb, enter_ziggurat_d, ashenzari_altar_1, hell_entry,
          nicolae_trove_entry_diagonal, tso_altar
Depths:2: grunt_arcs, layout_basic, pan_entry, pf_coc_iceberg, minmay_evil_grid,
          uniq_josephina
Depths:3: minmay_spriggan_fort, layout_gridlike, rand_demon_pan_entry_1,
          hell_entry, chequers_big_river, abyss_entry,
          infiniplex_staircase_pool_2, firewood_loft, uniq_grunn
Depths:4: grunt_zot_entry_tricorne, layout_honeycomb, hell_entry, pan_entry,
          nicolae_eternal_life, minmay_shop_grove
Zot:1:    layout_misc_corridors, st_small_dragon_hoard_2
Zot:2:    layout_misc_corridors, st_stairs_13, grunt_megastairs_5
Zot:3:    layout_basic
Zot:4:    layout_misc_corridors, grunt_megastairs_3
Zot:5:    layout_basic

Skill      XL: |  1  2  3  4  5  6  7  8  9 10 11 12 13 14 15 16 17 18 19 20 21 22 23 24 25 26 |
---------------+-------------------------------------------------------------------------------+-----
Ranged Weapons | 5 6 7 9 11 12 14 16 17 19 20 21 22 | 22.0
Fighting       | 3 4 5 7 8 10 11 12 14 15 16 18 19 20 21 23 24 25 26 27 | 27.0
Armour         | 1 5 6 7 8 9 10 11 12 13 14 15 16 17 20 | 20.6
Dodging        | 4 6 7 8 9 10 11 13 14 16 17 19 20 22 | 22.0
Invocations    | 3 4 7 10 11 | 11.7
Stealth        | |  1.1

Action                     |  1- 3 |  4- 6 |  7- 9 | 10-12 | 13-15 | 16-18 | 19-21 | 22-24 | 25-27 || total
---------------------------+-------+-------+-------+-------+-------+-------+-------+-------+-------++-------
   Fire: Shortbow          |   137 |    66 |       |       |       |       |       |       |       ||   203
         Hand cannon       |       |    24 |   180 |   493 |  1216 |  1488 |  1309 |  1781 |  1148 ||  7639
 Invoke: Heroism           |       |       |       |    18 |    33 |    37 |    17 |    36 |    28 ||   169
         Finesse           |       |       |       |       |     8 |     7 |     6 |    10 |     9 ||    40
    Use: Scroll            |     1 |     5 |     9 |     5 |     6 |     6 |     4 |     1 |     3 ||    40
         Potion            |     1 |     2 |     1 |     3 |     3 |     6 |     4 |     2 |    27 ||    49
 Armour: Leather armour    |    33 |       |       |       |       |       |       |       |       ||    33
         Ring mail         |       |    19 |    60 |   120 |   316 |   481 |   244 |   342 |       ||  1582
         Troll leather arm |       |       |       |       |       |       |       |    84 |   338 ||   422
  Dodge: Dodged            |    27 |    17 |   110 |   141 |   524 |  1010 |   585 |  1383 |  1489 ||  5286
         Repelled          |       |       |       |       |     1 |    14 |       |       |       ||    15
  Block: Other             |       |    11 |    43 |    30 |   124 |    12 |       |       |       ||   220
         Reflection        |       |       |     5 |       |     8 |       |       |       |       ||    13

Table legend:
 A = Non-vault XP
 B = Vault XP
 C = Vault XP percentage of total XP
 D = Non-vault monster count
 E = Vault monster count
 F = Vault count percentage of total count
                 A         B        C        D         E       F
            +---------+---------+-------+---------+---------+-------
      Total |  646568 |  491098 |  43.2 |    1187 |     691 |  36.8
            +---------+---------+-------+---------+---------+-------
        D:1 |      43 |       3 |   6.5 |      24 |       3 |  11.1
        D:2 |      39 |      38 |  49.4 |      13 |       1 |   7.1
        D:3 |      75 |      39 |  34.2 |      15 |       7 |  31.8
        D:4 |     104 |     527 |  83.5 |      14 |       1 |   6.7
        D:5 |     307 |     797 |  72.2 |       9 |      16 |  64.0
        D:6 |    1257 |       0 |   0.0 |      26 |       0 |   0.0
        D:7 |     368 |     175 |  32.2 |       7 |       1 |  12.5
        D:8 |    4906 |      10 |   0.2 |      39 |       6 |  13.3
        D:9 |    4423 |    1667 |  27.4 |      25 |      12 |  32.4
       D:10 |    1805 |       0 |   0.0 |      20 |       0 |   0.0
       D:11 |    3332 |     970 |  22.5 |      19 |       1 |   5.0
       D:12 |    3445 |    2986 |  46.4 |      14 |      22 |  61.1
       D:13 |    4566 |   19632 |  81.1 |      13 |      43 |  76.8
       D:14 |    9362 |       0 |   0.0 |      21 |       0 |   0.0
       D:15 |    8258 |    8340 |  50.2 |      18 |      12 |  40.0
     Lair:1 |    8817 |    1965 |  18.2 |      27 |       7 |  20.6
     Lair:2 |    4955 |     607 |  10.9 |      22 |       2 |   8.3
     Lair:3 |    5664 |     183 |   3.1 |      26 |       2 |   7.1
     Lair:4 |    5576 |       0 |   0.0 |      16 |       0 |   0.0
     Lair:5 |   10719 |   10645 |  49.8 |      28 |      34 |  54.8
    Swamp:1 |   15788 |    1764 |  10.1 |      27 |       8 |  22.9
    Swamp:2 |    8309 |    5923 |  41.6 |      12 |       6 |  33.3
    Swamp:3 |   13430 |    1231 |   8.4 |      27 |       4 |  12.9
    Swamp:4 |   10670 |   15860 |  59.8 |      22 |      39 |  63.9
    Snake:1 |   18740 |    9204 |  32.9 |      41 |      17 |  29.3
    Snake:2 |   22713 |    1379 |   5.7 |      45 |       1 |   2.2
    Snake:3 |   13913 |    1905 |  12.0 |      30 |       2 |   6.2
    Snake:4 |   25483 |   23524 |  48.0 |      56 |      37 |  39.8
      Orc:1 |    4047 |     884 |  17.9 |      38 |       1 |   2.6
      Orc:2 |    2304 |    9605 |  80.7 |      25 |      40 |  61.5
   Vaults:1 |   17039 |   18704 |  52.3 |      25 |      26 |  51.0
   Vaults:2 |   18398 |   16282 |  46.9 |      30 |      20 |  40.0
   Vaults:3 |   31846 |   12194 |  27.7 |      52 |      11 |  17.5
   Vaults:4 |   28242 |   37539 |  57.1 |      41 |      51 |  55.4
   Vaults:5 |   28137 |   74855 |  72.7 |      34 |      64 |  65.3
   Depths:1 |   29639 |       0 |   0.0 |      34 |       0 |   0.0
   Depths:2 |   13982 |   44157 |  76.0 |      21 |      43 |  67.2
   Depths:3 |   37336 |   23682 |  38.8 |      44 |      35 |  44.3
   Depths:4 |   23322 |   16785 |  41.9 |      23 |      15 |  39.5
      Zot:1 |   42973 |    2830 |   6.2 |      37 |       3 |   7.5
      Zot:2 |   30698 |    8125 |  20.9 |      29 |       6 |  17.1
      Zot:3 |   50742 |       0 |   0.0 |      43 |       0 |   0.0
      Zot:4 |   42493 |    9200 |  17.8 |      29 |       7 |  19.4
      Zot:5 |   37216 |  103586 |  73.6 |      24 |      42 |  63.6
    Abyss:2 |    1087 |       0 |   0.0 |       2 |       0 |   0.0
    Ossuary |       0 |     267 | 100.0 |       0 |      34 | 100.0
   Gauntlet |       0 |    3029 | 100.0 |       0 |       9 | 100.0
            +---------+---------+-------+---------+---------+-------
